 Dungeon Crawl Stone Soup version 0.31.0-12-g77e489cdc1 (webtiles) character file.

Game seed: 11688523059705919738

14319296 ongoing the Plutocrat (level 27, 271/271 HPs)
             Began as a Hill Orc Fighter on Feb 14, 2024.
             Was an Initiate of Gozag.
             Escaped with the Orb
             ... and 15 runes on Feb 15, 2024!
             The game lasted 05:50:52 (111412 turns).

ongoing the Plutocrat (Hill Orc Fighter)          Turns: 111412, Time: 05:50:52

Health: 271/271    AC: 49    Str: 45    XL:     27
Magic:  40/40      EV: 25    Int:  8    God:    Gozag
Gold:   53400      SH: 30    Dex: 24    Spells: 27/42 levels left

rFire   + + .        W - +4 broad axe of Vodka {distort, rC+ Will++ rCorr Stlth+}
rCold   + + +        f - +4 tower shield {reflect}
rNeg    + + +        n - +12 gold dragon scales
rPois   ∞            a - +2 helmet {SInv}
rElec   .            J - -1 cloak of the Villain {rC+ rN+ Str+8 Int-4}
rCorr   +            x - +2 pair of gloves {Str+3}
SInv    +            T - +1 pair of boots "Towapygh" {Fly rN+ Dex+3}
Will    +++++        A - amulet of Vitality {RegenMP++ Regen++} Stlth
                     F - ring of Painiqyll {Will+ rCorr Dex+4}
HPRegen 2.25/turn    K - ring "Fihat" {Str+4 Dex+6}
MPRegen 1.07/turn

%: reflection, clarity
@: death-form, flying, studying 2 skills
A: vile attack, torment immunity, no potions, clarity, clever 1, fire resistance
1
0: Orb of Zot
}: 15/15 runes: decaying, serpentine, slimy, silver, golden, iron, obsidian,
icy, bone, abyssal, demonic, glowing, magical, fiery, dark
a: Siphon Essence, Begin Untransformation, Renounce Religion, Potion Petition,
Call Merchant, Bribe Branch


You escaped.
You worshipped Gozag.
Gozag was exalted by your worship.
You were an undying horror.
You visited 18 branches of the dungeon, and saw 88 of its levels.
You visited Pandemonium 1 time, and saw 20 of its levels.
You visited the Abyss 2 times.
You visited 1 ziggurat, and saw 15 of its levels.
You also visited: Ice Cave.

You collected 70168 gold pieces.
You spent 7121 gold pieces at shops.
You paid 9647 gold pieces to Gozag.

Inventory:

Hand Weapons
 d - a +9 vampiric broad axe
 O - a +9 heavy broad axe
 S - the +13 sceptre of Asmodeus
   (You took it off Asmodeus on level 7 of Gehenna)

   Fire Summon: It may summon demons of flame and damnation when striking foes.
 U - the +18 lance "Wyrmbane" {slay drac, rPois rF+ rC+ AC+3}
   (You found it on level 4 of the Lair of Beasts)

   AC+3:      It affects your AC (+3).
   rF+:       It protects you from fire.
   rC+:       It protects you from cold.
   rPois:     It protects you from poison
 W - the +4 broad axe of Vodka (weapon) {distort, rC+ Will++ rCorr Stlth+}
   (You bought it in a shop on level 2 of the Orcish Mines)

   rC+:       It protects you from cold.
   Will++:    It greatly increases your willpower.
   rCorr:     It protects you from acid and corrosion.
   Stlth+:    It makes you more stealthy.
Missiles
 g - 25 javelins
 r - 13 silver javelins
 M - 9 throwing nets
Armour
 a - a +2 helmet of see invisible (worn)
 f - a +4 tower shield of reflection (worn)
 n - +12 gold dragon scales (worn)
 x - a +2 pair of gloves of strength (worn)
 y - the +4 dragonskin cloak
   (You took it off Tiamat on level 3 of the Realm of Zot)

   Avatar's Aegis: It grants the wearer a chance to resist fire, cold, poison,
   electricity, acid, and negative energy.
 J - the -1 cloak of the Villain (worn) {rC+ rN+ Str+8 Int-4}
   (You found it on level 1 of the Vaults)

   Str+8:     It affects your strength (+8).
   Int-4:     It affects your intelligence (-4).
   rC+:       It protects you from cold.
   rN+:       It protects you from negative energy.
 T - the +1 pair of boots "Towapygh" (worn) {Fly rN+ Dex+3}
   (You acquired it on level 1 of the Realm of Zot)

   Dex+3:     It affects your dexterity (+3).
   rN+:       It protects you from negative energy.
   Fly:       It grants you flight.
Jewellery
 i - the ring "Icaell" {rElec rF+ rC+ Str+3 SInv}
   (You found it in Pandemonium)

   [ring of protection from fire]

   Str+3:     It affects your strength (+3).
   rF+:       It protects you from fire.
   rC+:       It protects you from cold.
   rElec:     It insulates you from electricity.
   SInv:      It lets you see invisible.
 j - the ring of Cibuz {rElec rCorr}
   (You acquired it on level 3 of the Depths)

   [ring of resist corrosion]

   rElec:     It insulates you from electricity.
   rCorr:     It protects you from acid and corrosion.
 s - the ring of Erghaich {rF+ rN++ MP+9 Int-3}
   (You found it on level 7 of the Iron City of Dis)

   [ring of magical power]

   Int-3:     It affects your intelligence (-3).
   rF+:       It protects you from fire.
   rN++:      It greatly protects you from negative energy.
   MP+9:      It affects your magic capacity (+9).
 z - the ring "Cioteczo" {rElec rF- Will- AC+4 Str+9}
   (You found it in Pandemonium)

   [ring of protection]

   AC+4:      It affects your AC (+4).
   Str+9:     It affects your strength (+9).
   rF-:       It makes you vulnerable to fire.
   rElec:     It insulates you from electricity.
   Will-:     It decreases your willpower.
 A - the amulet of Vitality (around neck) {RegenMP++ Regen++}
   (You found it on level 14 of a ziggurat)

   [amulet of magic regeneration]

   RegenMP:   It increases your rate of magic regeneration.
   Regen++:   It increases your rate of health regeneration.
 F - the ring of Painiqyll (left hand) {Will+ rCorr Dex+4}
   (You found it on level 3 of the Tomb of the Ancients)

   [ring of willpower]

   Dex+4:     It affects your dexterity (+4).
   Will+:     It increases your willpower.
   rCorr:     It protects you from acid and corrosion.
 K - the ring "Fihat" (right hand) {Str+4 Dex+6}
   (You found it on level 1 of the Vaults)

   [ring of dexterity]

   Str+4:     It affects your strength (+4).
   Dex+6:     It affects your dexterity (+6).
 P - the amulet of Womegan {Spirit rElec Regen+ rCorr Str-3}
   (You found it in Pandemonium)

   [amulet of guardian spirit]

   Spirit:    It causes incoming damage to be divided between your reserves of
   health and magic.
   Str-3:     It affects your strength (-3).
   rElec:     It insulates you from electricity.
   Regen+:    It increases your rate of health regeneration.
   rCorr:     It protects you from acid and corrosion.
Talismans
 p - a talisman of death (active)
Wands
 m - a wand of digging (29)
 q - a wand of mindburst (98)
 G - a wand of roots (149)
 L - a wand of light (91)
Scrolls
 t - 38 scrolls of teleportation
 v - 5 scrolls of revelation
 w - 14 scrolls of immolation
 B - 10 scrolls of blinking
 Q - 7 scrolls of butterflies
 R - 12 scrolls of fear
 V - 11 scrolls of fog
 Y - 6 scrolls of silence
 Z - 4 scrolls of torment
Potions
 b - 20 potions of mutation
 c - 2 potions of might
 h - 6 potions of haste
 k - 18 potions of attraction
 l - 15 potions of heal wounds
 u - 38 potions of curing
 E - 10 potions of cancellation
 H - 5 potions of resistance
Miscellaneous
 e - a sack of spiders
 o - a phantom mirror
 C - the horn of Geryon
 D - a figurine of a ziggurat
 I - a lightning rod (4/4) (quivered)
 N - a condenser vane
 X - a phial of floods


   Skills:
 - Level 26.9 Fighting
 - Level 24.3(27) Axes
 - Level 23.1(26.1) Maces & Flails
 - Level 17.1(21.3) Polearms
 - Level 18.5 Throwing
 - Level 24.0 Armour
 - Level 22.4 Dodging
 - Level 24.0 Shields
 - Level 8.0 Spellcasting
 - Level 12.0 Translocations
 - Level 12.0 Air Magic
 O Level 27 Invocations
 + Level 23.2 Evocations
 - Level 23.0 Shapeshifting


You had 27 spell levels left.
You knew the following spells:

 Your Spells              Type           Power      Damage    Failure   Level
a - Apportation           Tloc           44%        N/A       1%          1
b - Blink                 Tloc           44%        N/A       1%          2
c - Lesser Beckoning      Tloc           44%        N/A       1%          2
d - Gell's Gravitas       Tloc           22%        N/A       1%          3
e - Teleport Other        Tloc           22%        N/A       1%          3
f - Vhi's Electric Charg  Tloc/Air       44%        N/A       6%          4

Your spell library contained the following spells:

 Spells                   Type           Power      Damage    Failure   Level
 Swiftness                Air            22%        N/A       1%          3
 Airstrike                Air            11%        2d(2-18)  6%          4
 Manifold Assault         Tloc           22%        N/A       6%          4
 Passage of Golubria      Tloc           22%        N/A       6%          4
 Shock                    Conj/Air       48%        1d6       7%          1
 Mercury Vapours          Alch/Air       24%        N/A       11%         2
 Momentum Strike          Conj/Tloc      24%        3d8       11%         2
 Static Discharge         Conj/Air       24%        3-4/arc   11%         2
 Volatile Blastmotes      Fire/Tloc      24%        2d12      21%         3
 Cigotuvi's Dreadful Rot  Necr/Alch/Air  18%        N/A       24%         2
 Mephitic Cloud           Conj/Alch/Air  9%         N/A       43%         3
 Dimensional Bullseye     Hex/Tloc       6%         N/A       56%         4
 Iskenderun's Mystic Bla  Conj/Tloc      12%        2d5       56%         4
 Summon Lightning Spire   Summ/Air       12%        N/A       56%         4
 Foxfire                  Conj/Fire      12%        2x1d4     63%         1
 Freeze                   Ice            12%        1d3       63%         1
 Magic Dart               Conj           12%        1d3       63%         1
 Necrotise                Necr           12%        1d4       63%         1
 Sandblast                Erth           6%         2d5       63%         1
 Slow                     Hex            12%        N/A       63%         1
 Sting                    Conj/Alch      12%        1d3       63%         1
 Summon Small Mammal      Summ           12%        N/A       63%         1
 Dispersal                Tloc           11%        N/A       65%         6
 Call Imp                 Summ           6%         N/A       77%         2
 Ensorcelled Hibernation  Hex/Ice        6%         N/A       77%         2
 Jinxbite                 Hex            6%         N/A       77%         2
 Scorch                   Fire           6%         2d5       77%         2
 Searing Ray              Conj           6%         2d4       77%         2
 Sublimation of Blood     Necr           3%         N/A       77%         2
 Arcjolt                  Conj/Air       6%         1d16      88%         5
 Silence                  Hex/Air        6%         N/A       88%         5
 Summon Forest            Summ/Tloc      6%         N/A       88%         5
 Call Canine Familiar     Summ           3%         N/A       94%         3
 Confusing Touch          Hex            3%         N/A       94%         3
 Dazzling Flash           Conj/Hex       6%         N/A       94%         3
 Frozen Ramparts          Ice            6%         1d1       94%         3
 Fugue of the Fallen      Necr           3%         N/A       94%         3
 Hailstorm                Conj/Ice       3%         3d5       94%         3
 Inner Flame              Hex/Fire       3%         N/A       94%         3
 Ozocubu's Armour         Ice            3%         N/A       94%         3
 Passwall                 Erth           3%         N/A       94%         3
 Sigil of Binding         Hex            3%         N/A       94%         3
 Stone Arrow              Conj/Erth      6%         3d7       94%         3
 Summon Ice Beast         Ice/Summ       3%         N/A       94%         3
 Tukima's Dance           Hex            3%         N/A       94%         3
 Vampiric Draining        Necr           3%         2d6       94%         3
 Freezing Cloud           Conj/Ice/Air   4%         6-21      99%         5
 Anguish                  Hex/Necr       1%         N/A       100%        4
 Animate Armour           Summ/Erth      6%         N/A       100%        4
 Brom's Barrelling Bould  Conj/Erth      3%         2d3       100%        4
 Cause Fear               Hex            1%         N/A       100%        4
 Dispel Undead            Necr           3%         3d7       100%        4
 Flame Wave               Conj/Fire      3%         2d5       100%        4
 Fulminant Prism          Conj/Alch      1%         3d5       100%        4
 Ignite Poison            Fire/Alch      3%         N/A       100%        4
 Martyr's Knell           Necr/Summ      3%         N/A       100%        4
 Olgreb's Toxic Radiance  Alch           3%         N/A       100%        4
 Petrify                  Alch/Erth      3%         N/A       100%        4
 Sticky Flame             Fire/Alch      3%         2d4       100%        4
 Summon Blazeheart Golem  Fire/Summ      3%         N/A       100%        4
 Alistair's Intoxication  Alch           2%         N/A       100%        5
 Borgnjor's Vile Clutch   Necr/Erth      1%         N/A       100%        5
 Curse of Agony           Necr           3%         N/A       100%        5
 Fireball                 Conj/Fire      1%         3d3       100%        5
 Irradiate                Conj/Alch      1%         3d12      100%        5
 Iskenderun's Battlesphe  Conj           3%         2d6       100%        5
 Lee's Rapid Deconstruct  Erth           1%         3d4*      100%        5
 Metabolic Englaciation   Hex/Ice        1%         N/A       100%        5
 Summon Mana Viper        Hex/Summ       3%         N/A       100%        5
 Bombard                  Conj/Erth      1%         9d1       100%        6
 Conjure Ball Lightning   Conj/Air       6%         3x3d6     100%        6
 Death Channel            Necr           1%         N/A       100%        6
 Eringya's Noxious Bog    Alch           1%         4d6       100%        6
 Plasma Beam              Fire/Air       6%         2x1d16    100%        6
 Sculpt Simulacrum        Ice/Alch       1%         N/A       100%        6
 Starburst                Conj/Fire      1%         6d3       100%        6
 Summon Cactus Giant      Summ           1%         N/A       100%        6
 Enfeeble                 Hex            1%         N/A       100%        7
 Haunt                    Necr/Summ      1%         N/A       100%        7
 Malign Gateway           Summ/Tloc      6%         N/A       100%        7
 Monstrous Menagerie      Summ           1%         N/A       100%        7
 Orb of Destruction       Conj           1%         9d5       100%        7
 Ozocubu's Refrigeration  Ice            1%         4d7       100%        7
 Spellforged Servitor     Conj/Summ      1%         N/A       100%        7
 Summon Hydra             Summ           1%         N/A       100%        7
 Borgnjor's Revivificati  Necr           1%         N/A       100%        8
 Discord                  Hex            1%         N/A       100%        8
 Disjunction              Tloc           11%        N/A       100%        8
 Ignition                 Fire           1%         3d3       100%        8
 Infestation              Necr           1%         N/A       100%        8
 Lehudib's Crystal Spear  Conj/Erth      1%         10d2      100%        8
 Maxwell's Capacitive Co  Air            11%        ∞         100%        8
 Summon Horrible Things   Summ           1%         N/A       100%        8
 Chain Lightning          Conj/Air       6%         3d8       100%        9
 Death's Door             Necr           1%         N/A       100%        9
 Dragon's Call            Summ           1%         N/A       100%        9
 Fire Storm               Conj/Fire      1%         8d1       100%        9
 Polar Vortex             Ice            1%         N/A       100%        9
 Animate Dead             Necr           Unusable   N/A       N/A         4

Dungeon Overview and Level Annotations

Branches:
Dungeon (15/15)            Temple (1/1) D:7            Lair (5/5) D:9
  Swamp (4/4) Lair:3        Snake (4/4) Lair:3        Slime (5/5) Lair:4
    Orc (2/2) D:11            Elf (3/3) Orc:2        Vaults (5/5) D:13
  Crypt (3/3) Vaults:3       Tomb (3/3) Crypt:3      Depths (4/4) D:15
   Hell (visited)             Dis (7/7) Hell            Geh (7/7) Hell
    Coc (7/7) Hell            Tar (7/7) Hell            Zot (5/5) Depths:4
  IceCv (visited)

Altars:
Ashenzari
Cheibriados
Dithmenos
Elyvilon
Fedhas
Gozag
Hepliaklqana
Kikubaaqudgha
Makhleb
Nemelex Xobeh
Okawaru
Qazlal
Ru
Sif Muna
Trog
Uskayaw
Vehumet
Wu Jian
Xom
Yredelemnul
Zin
The Shining One
Beogh
Jiyva

Shops:
D:3 !   D:10 [[(   D:13 [   Orc:2 ((![:   Elf:1 ![[   Snake:1 =*   Vaults:3 (
Vaults:4 [   Depths:2 [*[

Portals:
Hell: Depths:1 Depths:2 Depths:3 Depths:4
Abyss: Snake:3 Depths:2 Depths:3
Pandemonium: Depths:2 Depths:3

Annotations:
Depths:2 DIGGING


Innate Abilities, Weirdness & Mutations

You are an undying horror.
Your melee and unarmed attacks drain, slow and weaken victims.
You are immune to unholy pain and torment.
You cannot drink.
You are immune to poison.
You possess an exceptional clarity of mind.
Your mind is acute. (Int +4, Str/Dex -1)
Your flesh is heat resistant. (rF+)


Message History

The golden eye blinks at you. You resist with almost no effort.
You fly upwards.
There is a stone staircase leading down here.
No target in view!
You can't go up here!
There is a stone staircase leading up here.
You fly upwards.
There is a stone staircase leading down here.
A Brimstone Fiend comes into view.
The Brimstone Fiend roars!
The Brimstone Fiend gestures at you.
The sphere of damnation explodes!
The damnation engulfs you!
You block the Brimstone Fiend's attack. x3
You hit the Brimstone Fiend but do no damage.
Space warps around the Brimstone Fiend.
The Brimstone Fiend is lightly wounded.
You slice the Brimstone Fiend!!
The Brimstone Fiend decays.
Space warps around the Brimstone Fiend.
The Brimstone Fiend is moderately wounded.
The Brimstone Fiend gestures at you.
The sphere of damnation explodes!
The damnation engulfs you!!
The damnation engulfs the Brimstone Fiend.
The Brimstone Fiend completely resists.
You hit the Brimstone Fiend.
The Brimstone Fiend decays.
Space warps horribly around the Brimstone Fiend.
The Brimstone Fiend is moderately wounded.
You slash the Brimstone Fiend!
The Brimstone Fiend decays.
The Brimstone Fiend is heavily wounded.
The Brimstone Fiend blinks!
You slice the Brimstone Fiend!!
The Brimstone Fiend decays.
The Brimstone Fiend is devoured by a tear in reality.
No target in view!
No target in view!
No target in view!
There is a staircase leading out of the dungeon here.
Okay, then.
Unknown command.
Okay, then.
You have escaped!

...#.#....# #.......#
#......# ####......#
######### #......# #
####.#.# #...# ##....)# #
#.#.# #♣♣##.##♣♣###.....#
#
#.#.###~~♣#.#♣~~........#
#
#...##.~~~~~~~~~P#......#
#
##..##.~~~#.#P~~###.....#
## ##....♣♣##.##♣P#
#..#### .## #....#
#z..#### #..# ..##
####.####### ####..######
#..##### #.......#
#..........# †......#
#.......# #..........#
######.## #.......#
#..........#
#..####.......#
#.....>....#
##.#.#.#.#.#..#
#..........#
#............#
#....[.....#
###.##+##.##.#
############


There were no monsters in sight!

Vanquished Creatures
  Cerebov (Pan)
  the Royal Jelly (Slime:5)
  Antaeus (Coc:7)
  Asmodeus (Geh:7)
  Gloorx Vloq (Pan)
  Ereshkigal (Tar:7)
  Mnoleg (Pan)
  Lom Lobon (Pan)
  the Serpent of Hell (Geh:7)
  8 dread liches
  Khufu (Tomb:3)
  Tiamat (Zot:3)
  Frederick (Depths:3)
  Dispater (Dis:7)
  8 ancient liches (Zot:5)
  4 orbs of fire
  2 juggernauts (Dis:7)
  The ghost of Synox the Slayer, a legendary FoFi of Ru (Vaults:1)
  17 pandemonium lords
  35 royal mummies
  The ghost of Roocroe the Impregnable, a veteran MiGl of Hepliaklqana (Crypt:2)
  12 shard shrikes
  Josephina (Crypt:3)
  Bai Suzhen (Swamp:2)
  5 Killer Klowns
  Boris (thrice) (Vaults:5 Tomb:1 Tomb:2)
  33 caustic shrikes
  Geryon (Hell)
  9 golden dragons
  4 curse toes
  The ghost of Soesill the Warrior, an adept DgCj (Depths:1)
  Norris (Elf:1)
  24 profane servitors
  4 electric golems
  22 Tzitzimimeh
  10 doom hounds
  An iron giant (shapeshifter) (Depths:3)
  19 bone dragons
  19 Brimstone Fiends
  22 iron giants
  A shard shrike zombie (Crypt:3)
  Jorgrun (D:15)
  23 hellephants
  40 Hell Sentinels
  25 tentacled monstrosities
  19 titans
  A walking crystal tome (Depths:4)
  26 Ice Fiends
  28 Orb Guardians
  34 tainted leviathans
  10 liches
  21 acid blobs
  24 searing wretches
  A walking frostbound tome (Depths:3)
  3 deep elf blademasters
  Grunn (Zot:3)
  8 sphinxes
  6 quicksilver dragons
  An eldritch tentacle (Pan)
  3 deep elf master archers
  39 Executioners
  15 tentacled starspawn
  8 death cobs
  6 tengu reavers
  Donald (Lair:3)
  Aizul (Snake:1)
  29 ancient champions
  14 storm dragons
  3 thorn hunters
  Kirke (Lair:4)
  11 protean progenitors
  19 shadow dragons
  4 nagarajas
  A shadow dragon (shapeshifter) (Depths:3)
  5 fenstrider witches
  11 draconian knights
  26 azure jellies
  6 revenants
  Roxanne (Snake:2)
  A fenstrider witch (shapeshifter) (Zig:7)
  16 rockslimes
  35 narguns
  A juggernaut zombie (Crypt:3)
  15 frost giants
  The ghost of lis82 the Thaumaturge, an adept DgIE (Snake:4)
  5 deep elf sorcerers
  18 fire giants
  8 draconian monks
  3 draconian scorchers
  18 demonspawn warmongers (Pan)
  2 ghost moths
  A spectral juggernaut (Tar:3)
  8 draconian shifters
  8 iron dragons
  12 quicksilver elementals
  An iron dragon (shapeshifter) (Depths:3)
  4 deep elf elementalists
  57 balrugs
  6 draconian stormcallers
  9 ghouls
  5 shard shrike simulacra
  15 vault wardens
  40 cacodemons
  3 spectral caustic shrikes
  5 orc warlords
  A caustic shrike zombie (Crypt:3)
  7 caustic shrike skeletons (Pan)
  40 reapers
  A spriggan defender (Depths:2)
  5 curse skulls
  20 ironbound preservers
  The ghost of Couri the Brawler, a journeyman TrFi of Wu Jian (Swamp:1)
  11 ironbound thunderhulks
  An ophan (Abyss:2)
  33 very ugly things
  13 demonspawn blood saints (Pan)
  17 stone giants
  2 broodmothers (Pan)
  14 quicksilver oozes
  5 formless jellyfish
  10 draconian annihilators
  12 demonspawn corrupters (Pan)
  17 green draconians
  18 vampire knights
  3 juggernaut skeletons (Pan)
  10 deep elf death magi
  18 black draconians
  25 elemental wellsprings
  2 bennus (Tomb:3)
  14 deep elf annihilators
  25 putrid mouths
  15 bunyips
  8 deep elf demonologists
  A dire elephant (shapeshifter) (Zig:7)
  3 spectral titans
  15 purple draconians
  24 war gargoyles
  11 white draconians
  9 demonspawn black suns (Pan)
  26 lorocyprocas
  9 red draconians
  21 yellow draconians
  12 wendigos
  7 eleionomae
  28 dire elephants
  Snorg (Orc:2)
  The ghost of Siddir the Blocker, a journeyman MiBe of Trog (Snake:3)
  3 spark wasps
  23 mummy priests
  24 iron golems
  24 blizzard demons
  12 eidola
  7 fire dragons
  6 jiangshi
  5 deep elf high priests
  A spectral kraken (Tar:7)
  A spectral quicksilver dragon (Tar:3)
  3 shambling mangroves
  2 crystal guardians
  23 green deaths
  16 ettins
  A spectral golden dragon (Tar:1)
  2 spriggan zombies
  A spectral iron giant (Tar:3)
  7 spectral spriggans
  3 ice dragons
  14 yaktaur captains
  22 salamander tyrants
  39 vault guards
  11 caustic shrike simulacra
  5 spriggan air magi
  6 ogre magi
  A peacekeeper (Vaults:3)
  A spriggan skeleton (Abyss:3)
  2 quicksilver dragon skeletons
  4 jorogumos (Pan)
  14 rakshasas
  16 alligators
  20 great orbs of eyes
  8 ironbound frosthearts
  A spectral stone giant (Tar:3)
  A sphinx zombie (Vaults:3)
  11 juggernaut simulacra
  11 hell beasts
  6 catoblepae
  31 hydras
  4 stokers
  The ghost of Killerpretzel the Mimic, a journeyman OpSh of Vehumet (Lair:1)
  14 anacondas
  8 centaur warriors
  5 boulder beetles
  2 alligators (shapeshifter)
  A sphinx skeleton (Vaults:3)
  21 two-headed ogres
  4 tengu warriors
  10 naga warriors
  A death knight (D:15)
  39 death scarabs
  A two-headed ogre (shapeshifter) (Zig:7)
  15 naga sharpshooters
  An orc high priest (Depths:2)
  9 deep troll shamans
  9 deep troll earth magi
  2 spectral nagas
  14 vampire magi
  11 thrashing horrors
  40 dancing weapons
  2 spectral dire elephants
  56 demonic crawlers
  72 hell hogs
  2 occultists (Depths:2)
  18 hell knights
  9 shock serpents
  15 crystal echidnas
  A hellephant skeleton (Pan)
  13 deep elf knights
  Sonja (D:10)
  158 sun demons
  16 iron trolls
  11 wretched stars
  A fire crab (Lair:5)
  8 shadow wraiths
  35 sixfirhies
  A fire crab (shapeshifter) (Vaults:5)
  16 skysharks
  3 storm dragon zombies (Crypt:3)
  56 soul eaters
  A deep troll (shapeshifter) (Vaults:5)
  3 spatial maelstroms
  8 salamander mystics
  3 goliath frogs
  A spectral spark wasp (Depths:2)
  A death drake (Swamp:4)
  10 glowing orange brains
  17 skeletal warriors
  10 swamp dragons
  3 golden dragon zombies (Crypt:3)
  61 deep trolls
  3 glowing orange brains (shapeshifter)
  19 shadow demons (Pan)
  2 flayed ghosts (Crypt:3)
  7 quicksilver dragon simulacra
  4 arcanists
  A mana viper (shapeshifter) (Zig:7)
  3 sun moths
  A steelbarb worm (shapeshifter) (Vaults:5)
  2 swamp dragons (shapeshifter)
  13 mana vipers
  18 ironbound convokers
  17 lindwurms
  16 spriggan druids
  A spectral iron dragon (Tar:3)
  2 bunyip skeletons
  4 bog bodies
  6 naga ritualists
  14 phantasmal warriors
  15 deep elf archers
  3 kraken simulacra (Coc:7)
  79 large abominations
  5 spriggan simulacra
  5 harpies
  11 orc knights
  28 deep elf pyromancers
  23 deep elf zephyrmancers
  11 necromancers
  3 orc sorcerers
  7 will-o-the-wisps
  32 ugly things
  7 shining eyes
  A shadow dragon skeleton (Tomb:1)
  2 oklob plants (Zot:3)
  5 cyclopes
  2 spectral centaurs
  An elf skeleton (Vaults:1)
  A wolf spider (Vaults:5)
  4 centaur zombies
  3 spectral ettins
  3 worldbinders
  26 moths of wrath
  25 salamanders
  2 manticores
  23 elephants
  A frost giant skeleton (Vaults:3)
  6 guardian serpents
  11 rust devils
  3 water nymphs (Pan)
  A stone giant skeleton (Vaults:1)
  6 eyes of devastation
  19 vault sentinels
  Joseph (D:7)
  4 apocalypse crabs
  3 storm dragon simulacra
  49 black mambas
  5 gargoyles
  11 spectral swamp worms (Tar:7)
  4 ice statues
  An eleionoma skeleton (Crypt:1)
  An eye of devastation (shapeshifter) (Vaults:5)
  79 smoke demons
  17 naga magi
  58 orange demons
  4 titan simulacra
  14 cane toads
  18 molten gargoyles
  3 torpor snails
  54 hellions
  A rime drake (shapeshifter) (Vaults:5)
  A kobold demonologist (Abyss:2)
  7 anaconda simulacra
  A sea snake zombie (Crypt:1)
  7 efreet
  An unseen horror (shapeshifter) (Abyss:2)
  3 human zombies
  An alligator snapping turtle skeleton (Crypt:2)
  4 tengu conjurers (Depths:3)
  9 rime drakes
  14 freezing wraiths
  43 yaktaurs
  30 tormentors
  A black draconian skeleton (Crypt:2)
  13 ancient zymes
  2 iron giant simulacra (Coc:7)
  A redback zombie (Crypt:3)
  10 komodo dragons
  A yaktaur skeleton (Vaults:4)
  A purple draconian skeleton (Crypt:2)
  7 ice devils
  9 red devils (Pan)
  3 silent spectres
  A hydra zombie (Hell)
  48 guardian mummies
  4 spectral harpies
  22 hellwings
  3 golden dragon simulacra
  17 tyrant leeches
  4 trolls
  A harpy zombie (Hell)
  A shadow dragon simulacrum (Coc:1)
  3 polar bears
  15 raiju
  A merfolk zombie (Tomb:2)
  10 blink frogs
  A harpy skeleton (Crypt:2)
  13 hornets
  A satyr zombie (Crypt:2)
  6 glass eyes
  3 iron dragon simulacra
  A glass eye (shapeshifter) (Depths:3)
  3 dream sheep
  2 stone giant simulacra
  85 slime creatures
  A jumping spider (shapeshifter) (Depths:3)
  2 ettin skeletons (Crypt:2)
  6 water elementals
  5 wyverns
  3 dire elephant simulacra
  A spriggan (shapeshifter) (Elf:2)
  A yak (shapeshifter) (Abyss:2)
  An air elemental (Elf:3)
  15 small abominations
  4 shadows
  24 vampires
  3 hogs (Lair:4)
  4 naga simulacra
  4 fire bats
  17 spriggans
  27 ushabtiu
  5 wraiths
  6 humans (D:13)
  60 ynoxinuls
  52 starcursed masses
  25 yaks
  3 steam dragons
  An alligator snapping turtle simulacrum (Coc:2)
  20 golden eyes
  3 fire elementals
  10 basilisks
  4 wargs
  80 neqoxecs
  47 chaos spawn
  8 vampire mosquitoes
  16 harpy simulacra
  43 nagas
  6 spatial vortices
  A two-headed ogre zombie (Crypt:2)
  A glowing shapeshifter zombie (Vaults:4)
  A faun zombie (Crypt:1)
  2 naga zombies
  An acid dragon (D:10)
  8 swamp worms
  A hydra simulacrum (Coc:7)
  13 hell hounds
  19 water moccasins
  A swamp worm (shapeshifter) (Vaults:5)
  A glowing shapeshifter skeleton (Vaults:3)
  12 orc warriors
  6 swamp drakes
  A demonspawn skeleton (Crypt:3)
  A sky beast (D:7)
  31 laughing skulls
  A black bear (D:6)
  5 ettin simulacra
  21 wolves
  2 boggarts (Depths:2)
  A black mamba simulacrum (Hell)
  21 ogres (Orc:2)
  2 swamp dragon zombies
  A swamp dragon skeleton (Crypt:2)
  A torpor snail zombie (Crypt:2)
  15 centaurs
  2 phantoms
  A hog skeleton (Crypt:3)
  A weeping skull (Abyss:3)
  2 kobold brigands
  13 bullfrogs
  3 necrophages (Crypt:1)
  A salamander zombie (Crypt:1)
  2 earth elementals
  A wyvern zombie (Crypt:2)
  4 brain worms
  2 scorpions
  5 gnoll sergeants (D:10)
  2 human simulacra (Vaults:1)
  10 wights
  A queen bee zombie (Crypt:3)
  A raiju zombie (Crypt:1)
  2 spectral wolves (Depths:2)
  A polar bear zombie (Crypt:3)
  A swamp dragon simulacrum (Coc:1)
  3 killer bees (D:8)
  2 lindwurm simulacra (IceCv)
  A bombardier beetle (D:4)
  3 electric eels
  4 howler monkeys
  5 crimson imps
  A quasit (Abyss:2)
  5 lava snakes (Lair:5)
  5 hounds
  18 jellies
  10 orc priests
  9 komodo dragon simulacra (IceCv)
  2 iron imps
  6 gnoll boudas
  2 human skeletons (Crypt:1)
  5 iguanas
  2 sleepcaps
  14 orc wizards
  A black bear skeleton (Crypt:1)
  42 mummies
  12 adders
  42 gnolls
  3 acid dragon simulacra (IceCv)
  A swamp drake skeleton (Crypt:1)
  A shadow imp (Abyss:2)
  9 white imps
  An ufetubus (Abyss:2)
  7 steam dragon simulacra (IceCv)
  An iguana skeleton (Crypt:3)
  2 dart slugs
  5 ribbon worms
  76 orcs
  4 bats
  6 endoplasms
  6 giant cockroaches
  5 hobgoblins
  3 jackals (D:10)
  20 kobolds
  5 quokkas
  9 ball pythons
  6 frilled lizards
  A gnoll skeleton (Crypt:1)
  9 goblins
  A goblin skeleton (Crypt:3)
  A hobgoblin skeleton (Crypt:3)
  2 kobold zombies (D:6)
  2 orc zombies (D:6)
  3 rats (D:1)
  A rat skeleton (Crypt:2)
  A river rat zombie (Crypt:2)
  2 creeping infernos
  9 fire vortices
  3 lurking horrors
  40 starspawn tentacles
  A tentacle (Tar:7)
5203 creatures vanquished.

Vanquished Creatures (collateral kills)
  A royal mummy (Tomb:1)
  A lich (Tomb:2)
  6 death scarabs (Tomb:2)
  A skeletal warrior (Tomb:2)
  3 guardian mummies
  A tyrant leech (Swamp:2)
  An ushabti (Tomb:3)
  A mummy (Tomb:3)
15 creatures vanquished.

Vanquished Creatures (others)
  A dread lich (Zig:14)
  Asterion (Elf:1)
  An eldritch tentacle (Zig:7)
  A nargun (Coc:7)
  A demonspawn blood saint (Pan)
  An elemental wellspring (Coc:2)
  A lorocyproca (Pan)
  A deep elf annihilator (Pan)
  A wendigo (Hell)
  An ettin (Depths:1)
  A juggernaut simulacrum (Coc:3)
  3 hell hogs
  A deep elf knight (Elf:2)
  A sun demon (Pan)
  A skyshark (Zig:13)
  A quicksilver dragon simulacrum (Coc:4)
  A kraken simulacrum (Coc:7)
  2 deep elf zephyrmancers
  A spriggan simulacrum (Coc:7)
  A deep elf pyromancer (Elf:2)
  A naga mage (Snake:2)
  A black mamba (Zig:6)
  3 tormentors (Pan)
  A golden dragon simulacrum (Coc:7)
  A hornet (Depths:2)
  A fire bat (Pan)
  A dire elephant simulacrum (Coc:7)
  4 chaos spawn (Pan)
  A swamp worm (Swamp:4)
  A laughing skull (Abyss:2)
  An ettin simulacrum (Coc:7)
  A naga simulacrum (Coc:7)
  3 jellies (Zot:3)
  6 ball lightnings (Pan)
  2 creeping infernos
  40 foxfires
  2 lurking horrors
  18 starspawn tentacles
  15 tentacles
126 creatures vanquished.

Grand Total: 5344 creatures vanquished

Notes
Turn   | Place    | Note
-------+----------+-------------------------------------------
     0 | D:1      | ongoing the Hill Orc Fighter began the quest for the Orb.
     0 | D:1      | Reached XP level 1. HP: 19/19 MP: 1/1
    93 | D:1      | Reached XP level 2. HP: 27/27 MP: 2/2
   433 | D:1      | Reached XP level 3. HP: 33/33 MP: 3/3
   579 | D:1      | Found a faded altar of an unknown god.
  1319 | D:2      | Reached XP level 4. HP: 40/40 MP: 4/4
  1626 | D:3      | Found a blossoming altar of Fedhas.
  1907 | D:3      | Found a glowing silver altar of Zin.
  1938 | D:3      | Found a bloodstained altar of Trog.
  2131 | D:3      | Found Kidwil's Distillery.
  2476 | D:4      | Noticed a phantom
  2496 | D:4      | Killed a phantom
  2497 | D:4      | Reached skill level 5 in Axes
  2497 | D:4      | Reached XP level 5. HP: 43/47 MP: 5/5
  2548 | D:4      | Reached XP level 6. HP: 50/53 MP: 6/6
  2563 | D:4      | Noticed a water moccasin
  2581 | D:4      | Killed a water moccasin
  2582 | D:4      | Reached skill level 5 in Fighting
  2824 | D:4      | Reached XP level 7. HP: 61/61 MP: 7/7
  3407 | D:5      | Entered Level 5 of the Dungeon
  3428 | D:5      | Reached skill level 5 in Armour
  3428 | D:5      | Reached skill level 5 in Shields
  3531 | D:5      | Found an ancient bone altar of Kikubaaqudgha.
  3685 | D:5      | Reached XP level 8. HP: 58/70 MP: 8/8
  5250 | D:7      | Noticed Joseph
  5265 | D:7      | Killed Joseph
  5266 | D:7      | Reached XP level 9. HP: 57/79 MP: 9/9
  5499 | D:7      | Reached skill level 10 in Axes
  5596 | D:7      | Found a staircase to the Ecumenical Temple.
  5604 | Temple   | Entered the Ecumenical Temple
  5613 | Temple   | Became a worshipper of Gozag Ym Sagoz the Greedy
  6328 | D:8      | Noticed a two-headed ogre
  6339 | D:8      | Killed a two-headed ogre
  6397 | D:8      | Reached XP level 10. HP: 78/88 MP: 10/10
  6441 | D:8      | Noticed a two-headed ogre
  6454 | D:8      | Killed a two-headed ogre
  6596 | D:8      | Noticed a two-headed ogre
  6603 | D:8      | Killed a two-headed ogre
  6793 | D:8      | Noticed a two-headed ogre
  7241 | D:9      | Found a staircase to the Lair.
  7844 | D:10     | Entered Level 10 of the Dungeon
  7873 | D:10     | Noticed a two-headed ogre
  7879 | D:10     | Reached XP level 11. HP: 97/97 MP: 11/11
  7932 | D:9      | Killed a two-headed ogre
  8076 | D:10     | Noticed Sonja
  8082 | D:10     | Killed Sonja
  8206 | D:10     | Reached skill level 10 in Fighting
  8393 | D:10     | Identified the +0 robe of Moyl {rPois Dex+3 Stlth-
                  | Archmagi}
  8407 | D:10     | Noticed an ogre mage
  8418 | D:10     | Killed an ogre mage
  8541 | D:10     | Found Weipesimn's Antique Armour Boutique.
  8599 | D:10     | Found Suomyic's Armour Shoppe.
  8605 | D:10     | Bought a pair of runed boots for 255 gold pieces
  8985 | D:10     | Found Xebaebus's Antique Weapon Shoppe.
  8989 | D:10     | Bought a broad axe for 92 gold pieces
  9072 | D:10     | Noticed a two-headed ogre
  9079 | D:10     | Killed a two-headed ogre
  9424 | D:11     | Noticed a two-headed ogre
  9432 | D:11     | Killed a two-headed ogre
  9438 | D:11     | Reached skill level 15 in Axes
  9654 | D:11     | Found a staircase to the Orcish Mines.
 10154 | D:12     | Found a frozen archway.
 10165 | IceCv    | Entered an ice cave
 10393 | IceCv    | Reached skill level 10 in Armour
 10393 | IceCv    | Reached XP level 12. HP: 106/108 MP: 12/12
 10520 | IceCv    | Reached skill level 10 in Shields
 10604 | IceCv    | Noticed a white draconian
 10639 | IceCv    | Killed a white draconian
 11917 | D:13     | Found Elaij's Armour Boutique.
 11929 | D:13     | Bought a +2 pair of gloves of strength for 344 gold pieces
 12138 | D:13     | Noticed a two-headed ogre
 12142 | D:13     | Killed a two-headed ogre
 12165 | D:13     | Noticed a boulder beetle
 12182 | D:13     | Killed a boulder beetle
 12242 | D:13     | Noticed a vault guard
 12242 | D:13     | Noticed a vault guard
 12242 | D:13     | Noticed a vault guard
 12242 | D:13     | Noticed a vault guard
 12242 | D:13     | Noticed a vault guard
 12259 | D:13     | Killed a vault guard
 12272 | D:13     | Noticed a vault guard
 12293 | D:13     | Killed a vault guard
 12295 | D:13     | Killed a vault guard
 12304 | D:13     | Killed a vault guard
 12309 | D:13     | Killed a vault guard
 12318 | D:13     | Killed a vault guard
 12319 | D:13     | Reached XP level 13. HP: 48/119 MP: 13/13
 12520 | D:13     | Found a gate to the Vaults.
 13052 | Lair:1   | Entered Level 1 of the Lair of Beasts
 13652 | Lair:1   | Noticed Killerpretzel's ghost (journeyman OpSh)
 13656 | Lair:1   | Found a bloodstained altar of Trog.
 13796 | Lair:1   | Found a transporter.
 13800 | Lair:1   | Found a transporter.
 14792 | Lair:3   | Identified the dragon-blood talisman of the Ward {rElec rC+
                  | Will++ Int-2}
 14951 | Lair:3   | Found a staircase to the Snake Pit.
 15329 | Lair:3   | Found a staircase to the Swamp.
 15582 | Lair:3   | Reached XP level 14. HP: 126/133 MP: 14/14
 15922 | Lair:4   | Found the +8 lance "Wyrmbane" {slay drac, rPois rF+ rC+
                  | AC+3}
 16063 | Lair:4   | Noticed Kirke
 16085 | Lair:4   | Killed Kirke
 16169 | Lair:4   | Reached skill level 15 in Fighting
 16558 | Lair:4   | Found a viscous altar of Jiyva.
 16565 | Lair:4   | Found a staircase to the Slime Pits.
 16902 | Lair:5   | Entered Level 5 of the Lair of Beasts
 17133 | Lair:5   | Reached skill level 1 in Polearms
 17704 | Lair:5   | Found a large runed translucent door.
 17793 | Lair:5   | Found a large runed translucent door.
 18256 | Orc:1    | Entered Level 1 of the Orcish Mines
 18264 | Orc:1    | Found a shimmering altar of Xom.
 18378 | Orc:2    | Entered Level 2 of the Orcish Mines
 18378 | Orc:2    | Noticed Snorg
 18378 | Orc:2    | Found a staircase to the Elven Halls.
 18396 | Orc:2    | Killed Snorg
 18555 | Orc:2    | Found Ywodiat's Book Boutique.
 18573 | Orc:2    | Paralysed by an orc sorcerer for 5 turns
 18643 | Orc:2    | Reached XP level 15. HP: 142/143 MP: 15/15
 18691 | Orc:2    | Reached skill level 5 in Polearms
 18707 | Orc:2    | Paralysed by something for 5 turns
 18735 | Orc:2    | Reached skill level 15 in Armour
 18774 | Orc:2    | Reached skill level 15 in Shields
 18913 | Orc:2    | Found Canaviuc's Armour Shop.
 18913 | Orc:2    | Found Finocui's Distillery.
 18914 | Orc:2    | Found Ipsoyczidepp's Weapon Emporium.
 18914 | Orc:2    | Found Luhurgh's Antique Weapon Boutique.
 18936 | Orc:2    | Bought 2 potions of curing for 66 gold pieces
 18936 | Orc:2    | Bought a potion of attraction for 33 gold pieces
 18936 | Orc:2    | Bought a potion of attraction for 33 gold pieces
 18937 | Orc:2    | Bought a steaming broad axe for 306 gold pieces
 18937 | Orc:2    | Identified the +4 broad axe of Vodka {distort, rC+ Will++
                  | rCorr Stlth+} (You bought it in a shop on level 2 of the
                  | Orcish Mines)
 19652 | D:14     | Found a sacrificial altar of Ru.
 19984 | D:14     | Found a white marble altar of Elyvilon.
 19984 | D:14     | Found a glowing golden altar of the Shining One.
 19984 | D:14     | Found a glowing silver altar of Zin.
 20067 | D:15     | Entered Level 15 of the Dungeon
 20200 | D:15     | Noticed Jorgrun
 20273 | D:15     | Killed Jorgrun
 20572 | D:15     | Found a staircase to the Depths.
 21164 | Depths:1 | Entered Level 1 of the Depths
 21210 | D:15     | Reached XP level 16. HP: 155/155 MP: 16/16
 21387 | Depths:1 | Reached skill level 1 in Evocations
 21506 | Depths:1 | Found a bloodstained altar of Trog.
 21534 | Depths:1 | Noticed a lich
 21567 | D:15     | Killed a lich
 21831 | Depths:1 | Found a gateway to Hell.
 22236 | Depths:1 | Found a large runed translucent door.
 22236 | Depths:1 | Found a large runed translucent door.
 22242 | Depths:1 | Noticed Soesill's ghost (adept DgCj)
 22454 | Depths:2 | Found a one-way gate leading to the halls of Pandemonium.
 22786 | Depths:2 | Reached skill level 5 in Evocations
 22956 | Depths:2 | Found Iwyleuli's Antique Armour Shop.
 23473 | Swamp:1  | Entered Level 1 of the Swamp
 23509 | Swamp:1  | Noticed Donald
 23562 | Lair:3   | Killed Donald
 23563 | Lair:3   | Reached XP level 17. HP: 64/163 MP: 17/17
 24081 | Swamp:1  | Found a runed translucent gate.
 24081 | Swamp:1  | Found a runed translucent gate.
 24081 | Swamp:1  | Found a runed translucent gate.
 24082 | Swamp:1  | Noticed Couri's ghost (journeyman TrFi)
 24112 | Swamp:1  | Killed Couri's ghost
 24123 | Swamp:1  | Got the Vademecum on the Harmful Storm
 25293 | Swamp:3  | Noticed Bai Suzhen
 25296 | Swamp:3  | Reached skill level 1 in Dodging
 25336 | Swamp:2  | Killed Bai Suzhen
 26156 | Snake:1  | Entered Level 1 of the Snake Pit
 26321 | Snake:1  | Reached skill level 10 in Evocations
 26337 | Snake:1  | Identified the serpent talisman "Ystra" {Fly rC+++ Slay-6
                  | Stlth+}
 26337 | Snake:1  | Noticed Aizul
 26379 | Snake:1  | Killed Aizul
 26525 | Snake:1  | Found Werhydwo's Mass Market.
 26582 | Snake:1  | Found Neddoziy's Jewellery Boutique.
 26722 | Snake:1  | Reached skill level 1 in Shapeshifting
 26995 | Snake:2  | Reached XP level 18. HP: 163/176 MP: 10/18
 27631 | Snake:2  | Reached skill level 5 in Shapeshifting
 27632 | Snake:2  | Noticed Roxanne
 28010 | Snake:2  | Killed Roxanne
 28129 | Snake:3  | Reached skill level 5 in Dodging
 28297 | Snake:3  | Found a one-way gate to the infinite horrors of the Abyss.
 28297 | Snake:3  | Noticed Siddir's ghost (journeyman MiBe)
 28311 | Snake:3  | Found a transporter.
 28517 | Snake:3  | Found a transporter.
 28642 | Snake:4  | Entered Level 4 of the Snake Pit
 29374 | Snake:4  | Found a large runed translucent door.
 29374 | Snake:4  | Found a large runed translucent door.
 29376 | Snake:4  | Noticed lis82's ghost (adept DgIE)
 29417 | Snake:4  | Identified the +2 flail "Pybbecvo" {protect, Fly rPois rC+
                  | Dex-4}
 29625 | Snake:4  | Killed lis82's ghost
 30476 | Snake:4  | Reached XP level 19. HP: 182/182 MP: 19/19
 31031 | Snake:4  | Reached skill level 10 in Shapeshifting
 31313 | Snake:4  | Got a serpentine rune of Zot
 31522 | Snake:3  | Killed Siddir's ghost
 31924 | Swamp:4  | Entered Level 4 of the Swamp
 32084 | Swamp:4  | Noticed a tentacled monstrosity
 32108 | Swamp:4  | Killed a tentacled monstrosity
 32524 | Swamp:4  | Paralysed by a fenstrider witch for 5 turns
 33170 | Swamp:4  | Got a decaying rune of Zot
 33563 | Vaults:1 | Entered Level 1 of the Vaults
 33783 | Vaults:1 | Noticed a dread lich
 33793 | Vaults:1 | Paralysed by something for 3 turns
 33801 | Vaults:1 | Reached XP level 20. HP: 176/191 MP: 20/20
 33801 | Vaults:1 | Paralysed by something for 4 turns
 33809 | Vaults:1 | Paralysed by something for 4 turns
 33815 | Vaults:1 | Paralysed by something for 3 turns
 33974 | Vaults:1 | Found a runed translucent gate.
 33974 | Vaults:1 | Found a runed translucent gate.
 33974 | Vaults:1 | Found a runed translucent gate.
 33974 | Vaults:1 | Found an ancient bone altar of Kikubaaqudgha.
 33974 | Vaults:1 | Noticed an ancient lich
 33975 | Vaults:1 | Noticed Synox's ghost (legendary FoFi)
 34307 | Vaults:1 | Killed a dread lich
 34484 | Vaults:1 | Identified the +0 chain mail "Ugugug" {Harm rF+}
 35194 | Vaults:1 | Killed Synox's ghost
 35329 | Vaults:1 | Identified the -1 cloak of the Villain {rC+ rN+ Str+8
                  | Int-4}
 35355 | Vaults:1 | Identified the ring "Fihat" {Str+4 Dex+6}
 35382 | Vaults:1 | Got Kikubaaqudgha's Handbook of Despicable Liturgies
 35494 | Vaults:2 | Reached skill level 15 in Shapeshifting
 35868 | Vaults:2 | Identified the +10 hand axe "Yddut" {heavy, rCorr Int+2
                  | Dex+3}
 36969 | Vaults:3 | Reached XP level 21. HP: 196/198 MP: 21/21
 37337 | Vaults:3 | Found Eggeur's Weapon Boutique.
 37676 | Vaults:3 | Found a staircase to the Crypt.
 37916 | Vaults:4 | Identified the ring "Esarag" {rElec Will+ Str-3 Int+6
                  | Dex+7}
 38073 | Vaults:4 | Found Wicw's Armour Shoppe.
 38406 | Vaults:4 | Identified a scroll of acquirement
 38409 | Vaults:4 | Acquired 487 gold pieces
 39139 | Vaults:5 | Entered Level 5 of the Vaults
 39142 | Vaults:5 | Noticed a dread lich
 39145 | Vaults:5 | Reached XP level 22. HP: 91/205 MP: 22/22
 39591 | Snake:1  | Bought a talisman of death for 1120 gold pieces
 39807 | Depths:2 | Found a white marble altar of Elyvilon.
 40282 | Depths:3 | Got the Anthology of the Pyre
 40355 | Depths:3 | Identified the staff of Omnym {rF+ rC+ Int-4 Dex+2 Fire}
 40621 | Depths:3 | Got Vv's Grimoire of Hiemal Anthracomancy
 40624 | Depths:3 | Got Sif Muna's Papyrus of Cold Conflagration
 40749 | Depths:3 | Found a one-way gateway to a ziggurat.
 40759 | Depths:3 | Identified the orb "Otesmefe" {*channel, rC+}
 40759 | Depths:3 | Noticed Frederick
 40788 | Depths:3 | Killed Frederick
 41295 | Depths:3 | Acquired the ring of Cibuz {rElec rCorr}
 41501 | Depths:4 | Entered Level 4 of the Depths
 41624 | Depths:4 | Identified the +0 robe "Gaf Uwnaud" {^Contam Will+ Dex+3
                  | Archmagi}
 41732 | Depths:4 | Noticed a golden dragon
 41741 | Depths:4 | Killed a golden dragon
 41742 | Depths:4 | Reached XP level 23. HP: 146/213 MP: 23/23
 42235 | Depths:4 | Found a gate to the Realm of Zot.
 42806 | Elf:1    | Entered Level 1 of the Elven Halls
 42877 | Elf:1    | Found a huge runed translucent gate.
 42877 | Elf:1    | Found a huge runed translucent gate.
 42877 | Elf:1    | Found a huge runed translucent gate.
 42877 | Elf:1    | Found a huge runed translucent gate.
 42878 | Elf:1    | Found a huge runed translucent gate.
 42879 | Elf:1    | Found a huge runed translucent gate.
 42879 | Elf:1    | Found a huge runed translucent gate.
 42879 | Elf:1    | Found a huge runed translucent gate.
 42879 | Elf:1    | Found a huge runed translucent gate.
 42879 | Elf:1    | Found a huge runed translucent gate.
 42880 | Elf:1    | Found a huge runed translucent gate.
 42880 | Elf:1    | Found a huge runed translucent gate.
 42880 | Elf:1    | Found a huge runed translucent gate.
 42880 | Elf:1    | Found a huge runed translucent gate.
 42880 | Elf:1    | Found a huge runed translucent gate.
 42880 | Elf:1    | Found a huge runed translucent gate.
 42880 | Elf:1    | Found a huge runed translucent gate.
 42880 | Elf:1    | Found a huge runed translucent gate.
 42881 | Elf:1    | Found a huge runed translucent gate.
 42881 | Elf:1    | Found a huge runed translucent gate.
 42894 | Elf:1    | Found Qaruor's Armour Emporium.
 43023 | Elf:1    | Identified the +0 kite shield of the Unseen Realm {Harm
                  | *Corrode rC+ Dex+2}
 43023 | Elf:1    | Noticed Asterion
 43030 | Elf:1    | Killed Asterion
 43201 | Elf:1    | Found Qudis's Armour Shoppe.
 43298 | Elf:1    | Found Ahetasch's Distillery.
 43308 | Elf:1    | Bought a potion of mutation for 128 gold pieces
 43517 | Elf:1    | Gained mutation: You are partially covered in iridescent
                  | scales. (AC +2) [potion of mutation]
 43517 | Elf:1    | Gained mutation: Your flesh is heat resistant. (rF+)
                  | [potion of mutation]
 43517 | Elf:1    | Gained mutation: Your health recovers twice as slowly from
                  | being drained. [potion of mutation]
 43517 | Elf:1    | Gained mutation: A frigid envelope surrounds you and
                  | freezes all who hurt you. [potion of mutation]
 43548 | Elf:1    | Noticed Norris
 43557 | Elf:1    | Killed Norris
 44642 | Elf:2    | Found a runed translucent gate.
 44642 | Elf:2    | Found a runed translucent gate.
 44642 | Elf:2    | Found a runed translucent gate.
 45194 | Elf:3    | Entered Level 3 of the Elven Halls
 46133 | Elf:3    | Identified the +1 robe of Puake {Harm rCorr SInv}
 46273 | Elf:3    | Reached XP level 24. HP: 191/221 MP: 23/23
 46493 | Elf:3    | Identified the +7 flail of Anguish {drain, *Slow ^Fragile
                  | rElec rPois}
 46725 | Elf:3    | Identified the +3 dagger "Lutemmiv" {holy, Will- Dex+3
                  | SInv}
 46730 | Elf:3    | Got Sif Muna's Lessons on the Metallic Fairies
 46735 | Elf:3    | Identified the +1 long sword "Liammut" {freeze, Dex+3}
 47031 | Slime:1  | Entered Level 1 of the Pits of Slime
 49393 | Slime:5  | Entered Level 5 of the Pits of Slime
 49782 | Slime:5  | Noticed the Royal Jelly
 49802 | Slime:5  | Killed the Royal Jelly
 49954 | Slime:5  | Identified the +9 double sword "Lyixin" {heavy, rN+ Int-4
                  | SInv}
 49981 | Slime:5  | Got Sif Muna's Incunabulum of Chemistry
 49990 | Slime:5  | Identified the amulet "Aplalui" {RegenMP rCorr}
 49993 | Slime:5  | Identified the serpent talisman of Gehenna {rC+}
 49994 | Slime:5  | Identified the staff of the Shore {rElec rC+ Str+4 Air}
 49997 | Slime:5  | Got a slimy rune of Zot
 50003 | Slime:5  | Got the Papyrus of the Blaze and the Voyage
 50007 | Slime:5  | Identified the +4 lajatang of Kaschahe {pain, rPois}
 50037 | Slime:5  | Got the Guide on Sandy Thunder
 50598 | Crypt:1  | Entered Level 1 of the Crypt
 50927 | Crypt:1  | Reached XP level 25. HP: 234/234 MP: 23/23
 51289 | Crypt:1  | Found a hide-covered altar of Uskayaw.
 51786 | Crypt:2  | Noticed Roocroe's ghost (veteran MiGl)
 51945 | Crypt:2  | Found a runed translucent gate.
 51945 | Crypt:2  | Found a runed translucent gate.
 51946 | Crypt:2  | Found a runed translucent gate.
 52198 | Crypt:2  | Killed Roocroe's ghost
 52273 | Crypt:3  | Entered Level 3 of the Crypt
 52576 | Crypt:3  | Found a staircase to the Tomb.
 52725 | Crypt:3  | Identified the ring of Sovereignty {Ice rN+ Slay+2}
 52725 | Crypt:3  | Noticed Josephina
 52735 | Crypt:3  | Killed Josephina
 53016 | Crypt:3  | Reached XP level 26. HP: 248/248 MP: 23/23
 53885 | Hell     | Entered the Vestibule of Hell
 53889 | Hell     | Noticed Geryon
 53894 | Hell     | Reached skill level 1 in Translocations
 53896 | Hell     | Reached skill level 1 in Spellcasting
 54089 | Hell     | Killed Geryon
 54157 | Hell     | Found a gateway to the freezing wastes of Cocytus.
 54258 | Hell     | Learned a level 1 spell: Apportation
 54427 | Hell     | Found a gateway to the decaying netherworld of Tartarus.
 54552 | Hell     | Reached XP level 27. HP: 229/255 MP: 29/29
 54580 | Hell     | Reached skill level 5 in Translocations
 54641 | Hell     | Found a gateway to the ashen valley of Gehenna.
 54764 | Hell     | Reached skill level 5 in Spellcasting
 54871 | Hell     | Learned a level 2 spell: Blink
 54874 | Hell     | Learned a level 2 spell: Lesser Beckoning
 54878 | Hell     | Learned a level 3 spell: Gell's Gravitas
 54882 | Hell     | Learned a level 3 spell: Teleport Other
 54905 | Hell     | Found a gateway to the Iron City of Dis.
 55148 | Depths:1 | Killed Soesill's ghost
 55423 | Lair:1   | Killed Killerpretzel's ghost
 56015 | Depths:2 | Found an ancient bone altar of Kikubaaqudgha.
 56101 | Depths:2 | Identified the +7 plate armour of the Hart {+Inv rElec
                  | Stlth+}
 56177 | Depths:2 | Found a roughly hewn altar of Beogh.
 56310 | Depths:2 | Found The Legendary Zujiblo's Legendary Smithy.
 56365 | Depths:2 | Found an ancient bone altar of Kikubaaqudgha.
 56391 | Depths:2 | Found Xagorr's Miraculous Elixirs.
 56408 | Depths:2 | Bought a potion of mutation for 400 gold pieces
 56408 | Depths:2 | Bought a potion of mutation for 400 gold pieces
 56408 | Depths:2 | Bought a potion of mutation for 400 gold pieces
 56408 | Depths:2 | Bought a potion of mutation for 400 gold pieces
 56408 | Depths:2 | Bought a potion of mutation for 400 gold pieces
 56408 | Depths:2 | Bought a potion of mutation for 400 gold pieces
 56408 | Depths:2 | Bought a potion of mutation for 400 gold pieces
 56408 | Depths:2 | Bought a potion of mutation for 400 gold pieces
 56408 | Depths:2 | Bought 2 potions of mutation for 800 gold pieces
 56408 | Depths:2 | Bought a potion of mutation for 400 gold pieces
 56431 | Depths:2 | Lost mutation: You are partially covered in iridescent
                  | scales. (AC +2) [potion of mutation]
 56431 | Depths:2 | Lost mutation: A frigid envelope surrounds you and freezes
                  | all who hurt you. [potion of mutation]
 56431 | Depths:2 | Lost mutation: Your health recovers twice as slowly from
                  | being drained. [potion of mutation]
 56431 | Depths:2 | Gained mutation: Your spells are a little easier to cast,
                  | but a little less powerful. [potion of mutation]
 56432 | Depths:2 | Lost mutation: Your spells are a little easier to cast, but
                  | a little less powerful. [potion of mutation]
 56432 | Depths:2 | Lost mutation: Your flesh is heat resistant. (rF+) [potion
                  | of mutation]
 56432 | Depths:2 | Gained mutation: You are occasionally teleported next to
                  | monsters. [potion of mutation]
 56432 | Depths:2 | Gained mutation: You have a pair of small horns on your
                  | head. [potion of mutation]
 56433 | Depths:2 | Lost mutation: You are occasionally teleported next to
                  | monsters. [potion of mutation]
 56433 | Depths:2 | Lost mutation: You have a pair of small horns on your head.
                  | [potion of mutation]
 56433 | Depths:2 | Gained mutation: You occasionally shout uncontrollably at
                  | your foes. [potion of mutation]
 56433 | Depths:2 | Gained mutation: You have a pair of small antennae on your
                  | head. [potion of mutation]
 56433 | Depths:2 | Gained mutation: You are strong-willed. (Will+) [potion of
                  | mutation]
 56434 | Depths:2 | Lost mutation: You have a pair of small antennae on your
                  | head. [potion of mutation]
 56434 | Depths:2 | Lost mutation: You are strong-willed. (Will+) [potion of
                  | mutation]
 56434 | Depths:2 | Lost mutation: You occasionally shout uncontrollably at
                  | your foes. [potion of mutation]
 56434 | Depths:2 | Gained mutation: Your natural rate of healing is unusually
                  | fast. [potion of mutation]
 56435 | Depths:2 | Lost mutation: Your natural rate of healing is unusually
                  | fast. [potion of mutation]
 56435 | Depths:2 | Gained mutation: You expend magic power (3 MP) to
                  | strengthen your wands. [potion of mutation]
 56435 | Depths:2 | Gained mutation: Your spells are a little easier to cast,
                  | but a little less powerful. [potion of mutation]
 56435 | Depths:2 | Lost mutation: Your spells are a little easier to cast, but
                  | a little less powerful. [potion of mutation]
 56436 | Depths:2 | Lost mutation: You expend magic power (3 MP) to strengthen
                  | your wands. [potion of mutation]
 56436 | Depths:2 | Gained mutation: You are partially covered in iridescent
                  | scales. (AC +2) [potion of mutation]
 56436 | Depths:2 | Gained mutation: Your body sometimes deteriorates upon
                  | taking damage. [potion of mutation]
 56436 | Depths:2 | Gained mutation: Your flesh is cold resistant. (rC+)
                  | [potion of mutation]
 56437 | Depths:2 | Lost mutation: Your body sometimes deteriorates upon taking
                  | damage. [potion of mutation]
 56437 | Depths:2 | Lost mutation: You are partially covered in iridescent
                  | scales. (AC +2) [potion of mutation]
 56437 | Depths:2 | Gained mutation: You have large cloven feet. [potion of
                  | mutation]
 56438 | Depths:2 | Lost mutation: Your flesh is cold resistant. (rC+) [potion
                  | of mutation]
 56438 | Depths:2 | Lost mutation: You have large cloven feet. [potion of
                  | mutation]
 56438 | Depths:2 | Gained mutation: You have large cloven feet. [potion of
                  | mutation]
 56438 | Depths:2 | Gained mutation: Your spells are a little harder to cast,
                  | but a little more powerful. [potion of mutation]
 56439 | Depths:2 | Lost mutation: Your spells are a little harder to cast, but
                  | a little more powerful. [potion of mutation]
 56439 | Depths:2 | Lost mutation: You have large cloven feet. [potion of
                  | mutation]
 56439 | Depths:2 | Gained mutation: Your flesh is cold resistant. (rC+)
                  | [potion of mutation]
 56440 | Depths:2 | Lost mutation: Your flesh is cold resistant. (rC+) [potion
                  | of mutation]
 56440 | Depths:2 | Gained mutation: You are partially covered in iridescent
                  | scales. (AC +2) [potion of mutation]
 56440 | Depths:2 | Gained mutation: You are partially covered in large bone
                  | plates. (SH +4) [potion of mutation]
 56440 | Depths:2 | Lost mutation: You are partially covered in large bone
                  | plates. (SH +4) [potion of mutation]
 56441 | Depths:2 | Lost mutation: You are partially covered in iridescent
                  | scales. (AC +2) [potion of mutation]
 56441 | Depths:2 | Gained mutation: You are dopey. (Int -2) [potion of
                  | mutation]
 56441 | Depths:2 | Gained mutation: You have sharp fingernails. [potion of
                  | mutation]
 56441 | Depths:2 | Gained mutation: You have a pair of small antennae on your
                  | head. [potion of mutation]
 56442 | Depths:2 | Lost mutation: You are dopey. (Int -2) [potion of mutation]
 56442 | Depths:2 | Lost mutation: You have a pair of small antennae on your
                  | head. [potion of mutation]
 56442 | Depths:2 | Lost mutation: You have sharp fingernails. [potion of
                  | mutation]
 56442 | Depths:2 | Gained mutation: You occasionally shout uncontrollably at
                  | your foes. [potion of mutation]
 56442 | Depths:2 | Gained mutation: Your mind is acute. (Int +4, Str/Dex -1)
                  | [potion of mutation]
 56442 | Depths:2 | Gained mutation: You have a pair of small antennae on your
                  | head. [potion of mutation]
 56443 | Depths:2 | Lost mutation: You occasionally shout uncontrollably at
                  | your foes. [potion of mutation]
 56443 | Depths:2 | Lost mutation: You have a pair of small antennae on your
                  | head. [potion of mutation]
 56443 | Depths:2 | Gained mutation: You possess an exceptional clarity of
                  | mind. [potion of mutation]
 56443 | Depths:2 | Gained mutation: Your flesh is heat resistant. (rF+)
                  | [potion of mutation]
 56464 | Depths:2 | Found Jogg's General Store.
 56476 | Depths:2 | Bought a +2 pair of boots of rampaging for 344 gold pieces
 56965 | Vaults:5 | Killed a dread lich
 57185 | Vaults:5 | Identified the +4 dagger of the Big Bang {heavy, rF++ rN+
                  | Int-5}
 57273 | Vaults:5 | Noticed a dread lich
 57277 | Vaults:5 | Identified the +6 scimitar of Change {distort, rElec Will+}
 57283 | Vaults:5 | Killed a dread lich
 57363 | Vaults:5 | Found the +10 dark maul {heavy}
 57516 | Vaults:5 | Noticed a dread lich
 57518 | Vaults:5 | Killed a dread lich
 57544 | Vaults:5 | Reached skill level 10 in Translocations
 57608 | Vaults:5 | Noticed Boris
 57614 | Vaults:5 | Killed Boris
 57955 | Vaults:5 | Identified the +6 shortbow of the Hierophant {heavy, Will-
                  | MP+9 Str+6 Dex-2}
 57967 | Vaults:5 | Got a silver rune of Zot
 58139 | Vaults:5 | Identified the +10 short sword of Somewhere Else {flame,
                  | *Slow +Blink Dex+4 Stlth+}
 58484 | Vaults:5 | Identified the +8 chain mail of Jyrchigra {Rampage Str+3}
 59848 | Depths:3 | Voluntarily entered the Abyss.
 59891 | Abyss:1  | Found a corrupted altar of Lugonu.
 61104 | Abyss:3  | Reached skill level 10 in Dodging
 61480 | Abyss:3  | Found a corrupted altar of Lugonu.
 61603 | Abyss:3  | Found a corrupted altar of Lugonu.
 61618 | Abyss:3  | Found a corrupted altar of Lugonu.
 61699 | Abyss:3  | Found a corrupted altar of Lugonu.
 61835 | Abyss:3  | Found a corrupted altar of Lugonu.
 61861 | Abyss:3  | Got an abyssal rune of Zot
 62020 | Abyss:3  | Found a corrupted altar of Lugonu.
 62087 | Depths:3 | Escaped the Abyss
 62166 | Zot:1    | Entered Level 1 of the Realm of Zot
 62256 | Zot:1    | Acquired the +1 pair of boots "Towapygh" {Fly rN+ Dex+3}
 62332 | Zot:1    | Noticed an orb of fire
 62363 | Zot:1    | Killed an orb of fire
 62612 | Zot:1    | Identified the +3 leather armour "Netytale" {Fly rF+ Int+2}
 63644 | Zot:2    | Reached skill level 10 in Polearms
 64500 | Zot:3    | Noticed Grunn
 64515 | Zot:3    | Killed Grunn
 65144 | Zot:3    | Identified the +3 shortbow "Luillew" {freeze, ^Contam rF+
                  | Int+3}
 65250 | Zot:3    | Found the +4 dragonskin cloak
 65250 | Zot:3    | Noticed Tiamat
 65401 | Zot:3    | Killed Tiamat
 65929 | Zot:4    | Reached skill level 15 in Evocations
 65999 | Zot:4    | Identified the amulet "Garu" {RegenMP Will+}
 66706 | Zot:5    | Entered Level 5 of the Realm of Zot
 66887 | Zot:5    | Noticed an orb of fire
 66887 | Zot:5    | Noticed an orb of fire
 66915 | Zot:4    | Killed an orb of fire
 67063 | Zot:5    | Killed an orb of fire
 67258 | Zot:5    | Identified the amulet "Vaveet" {Faith *Slow rCorr Str+5}
 67459 | Zot:5    | Noticed an ancient lich
 67467 | Zot:5    | Killed an ancient lich
 67517 | Zot:5    | Noticed an orb of fire
 67527 | Zot:5    | Killed an orb of fire
 67538 | Zot:5    | Noticed an ancient lich
 67540 | Zot:5    | Noticed an ancient lich
 67544 | Zot:5    | Killed an ancient lich
 67545 | Zot:5    | Noticed an ancient lich
 67551 | Zot:5    | Noticed an ancient lich
 67557 | Zot:5    | Killed an ancient lich
 67557 | Zot:5    | Killed an ancient lich
 67557 | Zot:5    | Noticed an ancient lich
 67568 | Zot:5    | Killed an ancient lich
 67668 | Zot:5    | Noticed an ancient lich
 67672 | Zot:5    | Killed an ancient lich
 67674 | Zot:5    | Killed an ancient lich
 67681 | Zot:5    | Noticed an ancient lich
 67685 | Zot:5    | Killed an ancient lich
 67686 | Zot:5    | Reached skill level 15 in Polearms
 68302 | Zot:5    | Learned a level 4 spell: Vhi's Electric Charge
 68500 | Pan      | Entered Pandemonium
 68524 | Pan      | Reached skill level 15 in Dodging
 68601 | Pan      | Noticed Ukhuenub the pandemonium lord
 68612 | Pan      | Killed Ukhuenub the pandemonium lord
 68672 | Pan      | Identified the +6 scale mail of Hide-and-Seek {Will+ Int+4
                  | Dex+4}
 68690 | Pan      | Identified the +0 dire flail of the Telling Mosquito
                  | {drain, rCorr Int-3 Dex+4}
 69840 | Pan      | Noticed Jioshudd the pandemonium lord
 69883 | Pan      | Killed Jioshudd the pandemonium lord
 70913 | Pan      | Noticed Zadon the pandemonium lord
 70929 | Pan      | Killed Zadon the pandemonium lord
 71081 | Pan      | Noticed Ecaxajy the pandemonium lord
 71101 | Pan      | Killed Ecaxajy the pandemonium lord
 71646 | Pan      | Acquired 790 gold pieces
 71667 | Pan      | Found an exit through the horrors of the Abyss.
 72004 | Pan      | Reached skill level 1 in Air Magic
 72187 | Pan      | Entered the realm of Gloorx Vloq.
 72857 | Pan      | Reached skill level 5 in Air Magic
 72924 | Pan      | Noticed Gloorx Vloq
 72935 | Pan      | Killed Gloorx Vloq
 72989 | Pan      | Got a dark rune of Zot
 73330 | Pan      | Paralysed by you for 1 turns
 73334 | Pan      | Noticed Iwa Umyo the pandemonium lord
 73369 | Pan      | Killed Iwa Umyo the pandemonium lord
 73494 | Pan      | Identified the +1 hand axe of Pielaj {heavy, Int+3}
 73649 | Pan      | Found an exit through the horrors of the Abyss.
 74462 | Pan      | Found an exit through the horrors of the Abyss.
 74884 | Pan      | Noticed Qenim the pandemonium lord
 74898 | Pan      | Killed Qenim the pandemonium lord
 75215 | Pan      | Found an exit through the horrors of the Abyss.
 75502 | Pan      | Noticed Ecuseon the pandemonium lord
 75507 | Pan      | Killed Ecuseon the pandemonium lord
 75508 | Pan      | Reached skill level 10 in Air Magic
 77894 | Pan      | Got a demonic rune of Zot
 77897 | Pan      | Identified the +0 leather armour of the Harp {rF++ rN+++
                  | Will- MP-9}
 78137 | Pan      | Noticed Duotsots the pandemonium lord
 78160 | Pan      | Killed Duotsots the pandemonium lord
 78233 | Pan      | Got the Vellum of Spellbinding Anemomancy
 78445 | Pan      | Identified the +10 trident "Upyawiw" {heavy, Int+3}
 78556 | Pan      | Entered the realm of Cerebov.
 79202 | Pan      | Got the Atlas of Degeneration and Cryomancy
 79207 | Pan      | Identified the ring "Icaell" {rElec rF+ rC+ Str+3 SInv}
 79223 | Pan      | Identified the +3 leather armour of Snakes and Ladders
                  | {Harm Rampage rElec rCorr Int-2 Dex+3}
 79264 | Pan      | Identified the staff of Causality {Fly rElec rC+ Dex+6 Ice}
 79280 | Pan      | Identified the +6 sling of Disorder {freeze, rC+ Str+2
                  | Dex+3}
 79330 | Pan      | Identified the +6 chain mail of the Wasteland {rPois}
 79343 | Pan      | Identified the +0 battleaxe of Superiority {vamp, MP+9
                  | Str+5 Int-2}
 79365 | Pan      | Identified the ring "Cioteczo" {rElec rF- Will- AC+4 Str+9}
 79390 | Pan      | Found the +6 sword of Cerebov {flame}
 79390 | Pan      | Noticed Cerebov
 79420 | Pan      | Killed Cerebov
 79518 | Pan      | Got a fiery rune of Zot
 80093 | Pan      | Noticed Ruorarch the pandemonium lord
 80112 | Pan      | Killed Ruorarch the pandemonium lord
 80449 | Pan      | Found an exit through the horrors of the Abyss.
 81291 | Pan      | Noticed Zeoxai the pandemonium lord
 81314 | Pan      | Killed Zeoxai the pandemonium lord
 82278 | Pan      | Entered the realm of Lom Lobon.
 82978 | Pan      | Noticed Lom Lobon
 83032 | Pan      | Killed Lom Lobon
 83161 | Pan      | Got a magical rune of Zot
 83382 | Pan      | Reached skill level 1 in Invocations
 83511 | Pan      | Found an exit through the horrors of the Abyss.
 83533 | Pan      | Reached skill level 2 in Invocations
 83566 | Pan      | Identified the +5 flail of Extremism {vamp, rElec Dex+3}
 83736 | Pan      | Noticed Idur the pandemonium lord
 83745 | Pan      | Killed Idur the pandemonium lord
 83746 | Pan      | Reached skill level 3 in Invocations
 83764 | Pan      | Identified the ring of Youthful Indiscretion {Ice Dex+3}
 83832 | Pan      | Reached skill level 4 in Invocations
 84316 | Pan      | Reached skill level 5 in Invocations
 84675 | Pan      | Reached skill level 6 in Invocations
 84678 | Pan      | Noticed Kepan the pandemonium lord
 84701 | Pan      | Killed Kepan the pandemonium lord
 84702 | Pan      | Reached skill level 7 in Invocations
 84894 | Pan      | Found an exit through the horrors of the Abyss.
 85023 | Pan      | Reached skill level 8 in Invocations
 85343 | Pan      | Reached skill level 9 in Invocations
 85375 | Pan      | Identified the +4 ring mail "Fox Uvox" {rC+ Regen+ Dex+3}
 85410 | Pan      | Identified the +6 falchion of Callousness {heavy, rElec rC+
                  | rCorr Str+2}
 85475 | Pan      | Noticed Virr the pandemonium lord
 85480 | Pan      | Killed Virr the pandemonium lord
 85560 | Pan      | Identified the amulet of Womegan {Spirit rElec Regen+ rCorr
                  | Str-3}
 86339 | Pan      | Reached skill level 10 in Invocations
 86406 | Pan      | Noticed Arytawaom the pandemonium lord
 86446 | Pan      | Killed Arytawaom the pandemonium lord
 86898 | Pan      | Reached skill level 11 in Invocations
 87147 | Pan      | Found an exit through the horrors of the Abyss.
 87340 | Pan      | Entered the realm of Mnoleg.
 87360 | Pan      | Reached skill level 12 in Invocations
 87505 | Pan      | Reached skill level 13 in Invocations
 87549 | Pan      | Noticed Mnoleg
 87565 | Pan      | Killed Mnoleg
 87677 | Pan      | Got a glowing rune of Zot
 87808 | Pan      | Reached skill level 14 in Invocations
 88513 | Pan      | Reached skill level 15 in Invocations
 88848 | Pan      | Reached skill level 16 in Invocations
 89002 | Pan      | Found an exit through the horrors of the Abyss.
 89061 | Pan      | Noticed Nuifolob the pandemonium lord
 89367 | Pan      | Reached skill level 17 in Invocations
 89809 | Pan      | Killed Nuifolob the pandemonium lord
 89810 | Pan      | Reached skill level 18 in Invocations
 89967 | Depths:2 | Escaped Pandemonium
 90025 | Tar:1    | Entered Level 1 of Tartarus
 90386 | Tar:2    | Reached skill level 19 in Invocations
 90728 | Tar:3    | Reached skill level 20 in Invocations
 91027 | Tar:4    | Reached skill level 21 in Invocations
 91196 | Tar:4    | Reached skill level 22 in Invocations
 91392 | Tar:5    | Reached skill level 23 in Invocations
 91920 | Tar:7    | Entered Level 7 of Tartarus
 91964 | Tar:7    | Reached skill level 24 in Invocations
 92286 | Tar:7    | Reached skill level 25 in Invocations
 92755 | Tar:7    | Reached skill level 26 in Invocations
 92939 | Abyss:3  | Cast into level 3 of the Abyss (profane servitor)
 92950 | Tar:7    | Escaped the Abyss
 93127 | Tar:7    | Reached skill level 27 in Invocations
 93204 | Tar:7    | Noticed Ereshkigal
 93247 | Tar:7    | Killed Ereshkigal
 93457 | Tar:7    | Got the Directory of the Gang
 94236 | Tar:7    | Identified the +11 long sword of Truth {venom, rF+ rC+
                  | Int-3}
 94241 | Tar:7    | Got a bone rune of Zot
 94521 | Dis:1    | Entered Level 1 of the Iron City of Dis
 96035 | Dis:7    | Entered Level 7 of the Iron City of Dis
 96294 | Dis:7    | Noticed a dread lich
 96301 | Dis:7    | Killed a dread lich
 96336 | Dis:7    | Noticed a dread lich
 96340 | Dis:7    | Paralysed by a dread lich for 3 turns
 96345 | Dis:7    | Killed a dread lich
 97725 | Dis:7    | Noticed a juggernaut
 97726 | Dis:7    | Found the +5 moon troll leather armour {Spirit, Regen++
                  | MP+5}
 97732 | Dis:7    | Killed a juggernaut
 97759 | Dis:7    | Identified the ring of Erghaich {rF+ rN++ MP+9 Int-3}
 97797 | Dis:7    | Reached skill level 1 in Throwing
 98272 | Dis:7    | Noticed a juggernaut
 98277 | Dis:7    | Killed a juggernaut
 98333 | Dis:7    | Noticed Dispater
 98348 | Dis:7    | Killed Dispater
 98354 | Dis:7    | Reached skill level 5 in Throwing
 98465 | Dis:7    | Identified the +7 trident "Hydraslayer" {spect, rElec
                  | Int+3}
 98469 | Dis:7    | Got an iron rune of Zot
 98654 | Coc:1    | Entered Level 1 of Cocytus
 99148 | Coc:3    | Paralysed by a wendigo for 1 turns
 99417 | Coc:4    | Paralysed by a wendigo for 1 turns
 99418 | Coc:4    | Reached skill level 10 in Throwing
 99449 | Coc:4    | Paralysed by a wendigo for 1 turns
100142 | Coc:7    | Entered Level 7 of Cocytus
100319 | Coc:7    | Paralysed by a wendigo for 1 turns
100557 | Coc:7    | Reached skill level 15 in Throwing
100664 | Coc:7    | Noticed Antaeus
100696 | Coc:7    | Killed Antaeus
100965 | Coc:7    | Identified the staff "Honot" {rN+ Will+ Necro}
100989 | Coc:7    | Identified the +3 arbalest "Wupysa" {freeze, *Corrode MP+9
                  | Int+6}
101356 | Coc:7    | Got the Precepts of Blows
101363 | Coc:7    | Got an icy rune of Zot
101482 | Geh:1    | Entered Level 1 of Gehenna
103307 | Geh:7    | Entered Level 7 of Gehenna
103459 | Geh:7    | Noticed the Serpent of Hell
103492 | Geh:7    | Killed the Serpent of Hell
104498 | Geh:7    | Found the +13 sceptre of Asmodeus
104498 | Geh:7    | Noticed Asmodeus
104515 | Geh:7    | Killed Asmodeus
104578 | Geh:7    | Got an obsidian rune of Zot
105029 | Tomb:1   | Entered Level 1 of the Tomb of the Ancients
105035 | Tomb:1   | Noticed Boris
105042 | Tomb:1   | Killed Boris
105043 | Tomb:1   | Reached skill level 1 in Maces & Flails
105140 | Tomb:1   | Reached skill level 5 in Maces & Flails
105251 | Tomb:1   | Noticed a royal mummy
105265 | Tomb:1   | Killed a royal mummy
105484 | Tomb:1   | Noticed a royal mummy
105495 | Tomb:1   | Killed a royal mummy
105974 | Tomb:2   | Noticed Boris
105979 | Tomb:2   | Noticed a royal mummy
105979 | Tomb:2   | Noticed a royal mummy
105979 | Tomb:2   | Noticed a royal mummy
105980 | Tomb:2   | Killed Boris
105988 | Tomb:2   | Noticed a royal mummy
105989 | Tomb:2   | Killed a royal mummy
105989 | Tomb:2   | Noticed a royal mummy
105994 | Tomb:2   | Killed a royal mummy
106017 | Tomb:2   | Killed a royal mummy
106018 | Tomb:2   | Reached skill level 10 in Maces & Flails
106028 | Tomb:2   | Killed a royal mummy
106032 | Tomb:2   | Killed a royal mummy
106574 | Tomb:1   | Noticed a royal mummy
106574 | Tomb:1   | Noticed a royal mummy
106574 | Tomb:1   | Noticed a royal mummy
106576 | Tomb:1   | Noticed a royal mummy
106580 | Tomb:1   | Killed a royal mummy
106580 | Tomb:1   | Noticed a royal mummy
106582 | Tomb:1   | Noticed a royal mummy
106585 | Tomb:1   | Noticed a royal mummy
106588 | Tomb:1   | Killed a royal mummy
106590 | Tomb:1   | Killed a royal mummy
106591 | Tomb:1   | Killed a royal mummy
106597 | Tomb:1   | Killed a royal mummy
106599 | Tomb:1   | Killed a royal mummy
106611 | Tomb:1   | Killed a royal mummy
106741 | Tomb:1   | Noticed a royal mummy
106754 | Tomb:1   | Killed a royal mummy
106777 | Tomb:1   | Noticed a royal mummy
106781 | Tomb:1   | Noticed a royal mummy
106791 | Tomb:1   | Killed a royal mummy
106816 | Tomb:1   | Killed a royal mummy
106832 | Tomb:1   | Noticed a royal mummy
106837 | Tomb:1   | Noticed a royal mummy
106850 | Tomb:1   | Killed a royal mummy
106856 | Tomb:1   | Killed a royal mummy
106859 | Tomb:1   | Noticed a royal mummy
106864 | Tomb:1   | Killed a royal mummy
106919 | Tomb:1   | Noticed a royal mummy
106933 | Tomb:1   | Killed a royal mummy
106933 | Tomb:1   | Noticed a royal mummy
106934 | Tomb:1   | Noticed a royal mummy
106940 | Tomb:1   | Noticed a royal mummy
106943 | Tomb:1   | Noticed a royal mummy
106951 | Tomb:1   | Killed a royal mummy
106952 | Tomb:1   | Killed a royal mummy
106953 | Tomb:1   | Reached skill level 15 in Maces & Flails
106976 | Tomb:1   | Noticed a royal mummy
106977 | Tomb:1   | Killed a royal mummy
106981 | Tomb:1   | Killed a royal mummy
106986 | Tomb:1   | Noticed a royal mummy
106989 | Tomb:1   | Killed a royal mummy
106990 | Tomb:1   | Noticed a royal mummy
107006 | Tomb:1   | Killed a royal mummy
107013 | Tomb:1   | Killed a royal mummy
107407 | Tomb:3   | Entered Level 3 of the Tomb of the Ancients
107417 | Tomb:3   | Noticed a royal mummy
107419 | Tomb:3   | Noticed a royal mummy
107424 | Tomb:3   | Noticed a royal mummy
107433 | Tomb:3   | Killed a royal mummy
107448 | Tomb:3   | Noticed a royal mummy
107468 | Tomb:3   | Killed a royal mummy
107491 | Tomb:3   | Killed a royal mummy
107518 | Tomb:3   | Killed a royal mummy
107547 | Tomb:3   | Found the +27 heavy crossbow "Sniper" {heavy, Acc+∞ SInv}
107664 | Tomb:3   | Found the ring of the Tortoise {AC+8}
107744 | Tomb:3   | Identified the ring of Painiqyll {Will+ rCorr Dex+4}
107782 | Tomb:3   | Identified the staff of Understanding {rPois rC+ MP-9 Ice
                  | Alchemy}
107789 | Tomb:3   | Identified the +6 sling of Ointment {flame, +Blink rCorr
                  | Int-5 Dex+3}
107803 | Tomb:3   | Noticed a royal mummy
107816 | Tomb:3   | Killed a royal mummy
107852 | Tomb:3   | Noticed a royal mummy
107862 | Tomb:3   | Killed a royal mummy
107919 | Tomb:3   | Acquired 253 gold pieces
107940 | Tomb:3   | Noticed Khufu
107953 | Tomb:3   | Killed Khufu
108121 | Tomb:3   | Noticed a royal mummy
108134 | Tomb:3   | Killed a royal mummy
108193 | Tomb:3   | Noticed a royal mummy
108201 | Tomb:3   | Killed a royal mummy
108270 | Tomb:3   | Got a golden rune of Zot
108884 | Zig:1    | Entered Level 1 of a ziggurat
108904 | Zig:2    | Entered Level 2 of a ziggurat
108919 | Zig:2    | Identified the +4 robe of Zin's Favour {Fly rF+ Slay+2
                  | SInv}
108933 | Zig:3    | Entered Level 3 of a ziggurat
108972 | Zig:4    | Entered Level 4 of a ziggurat
109023 | Zig:5    | Entered Level 5 of a ziggurat
109026 | Zig:5    | Noticed a dread lich
109031 | Zig:5    | Killed a dread lich
109069 | Zig:5    | Identified the staff "Zumar" {rElec rPois Will- Conj}
109085 | Zig:6    | Entered Level 6 of a ziggurat
109135 | Zig:6    | Identified the +0 short sword "Hofoareu" {freeze, rElec}
109149 | Zig:7    | Entered Level 7 of a ziggurat
109153 | Zig:7    | Noticed Icoq the pandemonium lord
109154 | Zig:7    | Noticed Ahuwoon the pandemonium lord
109160 | Zig:7    | Killed Ahuwoon the pandemonium lord
109175 | Zig:7    | Killed Icoq the pandemonium lord
109235 | Zig:7    | Identified the +0 trident of Buoxyu Ufish {heavy, rN+
                  | Stlth+}
109238 | Zig:8    | Entered Level 8 of a ziggurat
109263 | Zig:8    | Found the +9 sword of Zonguldrok {reap}
109282 | Zig:9    | Entered Level 9 of a ziggurat
109292 | Zig:9    | Paralysed by accursed screaming for 1 turns
109367 | Zig:9    | Identified the +2 mace of Dust {flame, Will- Str+3 Dex+3}
109404 | Zig:10   | Entered Level 10 of a ziggurat
109448 | Zig:10   | Identified the amulet of Nanih {Reflect rPois SH+5 Stlth+}
109457 | Zig:10   | Identified the +2 short sword of Efuraniq {spect, +Blink
                  | MP+9}
109470 | Zig:11   | Entered Level 11 of a ziggurat
109486 | Zig:11   | Paralysed by accursed screaming for 2 turns
109576 | Zig:11   | Identified the ring of Gulu {rCorr MP+9}
109605 | Zig:12   | Entered Level 12 of a ziggurat
109617 | Zig:12   | Found the ring of Shadows {Umbra +Inv Stlth+}
109692 | Zig:12   | Identified the +10 short sword of the Depths {venom, *Rage
                  | ^Fragile rF+ rN++}
109709 | Zig:13   | Entered Level 13 of a ziggurat
109722 | Zig:13   | Found the +3 robe of Clouds {*Thunder rCloud rElec}
109855 | Zig:13   | Identified the ring of Getos {Fly rN+ Str+3}
109883 | Zig:14   | Entered Level 14 of a ziggurat
109909 | Zig:14   | Noticed a dread lich
109914 | Zig:14   | Noticed a dread lich
109929 | Zig:14   | Killed a dread lich
109934 | Zig:14   | Killed a dread lich
110027 | Zig:14   | Found the amulet of Vitality {RegenMP++ Regen++}
110036 | Zig:14   | Identified the ring "Apsosukk" {Fly Int+3}
110049 | Zig:14   | Identified the staff "Ugiffeut" {rPois Dex+5 Stlth+ Ice
                  | Alchemy}
110054 | Zig:14   | Identified the +5 ring mail of the Moon {+Blink Int+3}
110127 | Zig:15   | Entered Level 15 of a ziggurat
110260 | Zig:15   | Identified the +0 triple sword "Pupoinu" {freeze, rPois
                  | rF+++ Will- Stlth+}
110274 | Zig:15   | Identified the +7 sling of Pomozak {antimagic, rPois rC+
                  | Str+2 Dex+2}
110505 | Zot:5    | Got the Orb of Zot
111037 | D:10     | Noticed Cysirran the pandemonium lord
111049 | D:10     | Banished Cysirran the pandemonium lord
111412 | D:$      | Escaped with the Orb!

Illustrated notes

Levels and vault maps discovered:
D:1:      sevenhm_arrival_forest_fort_small_4, layout_rooms,
          ebering_ecumenical_altar_ruins, minmay_misc_feat_doors
D:2:      layout_basic
D:3:      layout_loops_cross, mainiacjoe_overflow_surrounded_room,
          overflow_temple_1_default, fedhas_altar_3, serial_shops,
          nicolae_shop_behind_doors, kennysheep_generic_room_5
D:4:      kennysheep_six_static_rooms, layout_gridville,
          chequers_serial_rivers_small_a
D:5:      layout_rooms, lemuel_crystal_altar
D:6:      layout_loops_corners, minmay_mini_ossuary
D:7:      layout_rooms, minmay_temple_entry_ruins,
          hangedman_decor_clover_reticule, uniq_joseph
D:8:      layout_basic, nrook_pool_corridor, fountainhead,
          nicolae_fountain_basement
D:9:      layout_cross, dpeg_oklobed_lair, minmay_misc_feat_x
D:10:     layout_cave_pools, serial_gnoll_camp, gnoll_camp_huts_basic,
          gnoll_camp_medium_01, gnoll_camp_mini_shop, gnoll_camp_mini_hut,
          gnoll_camp_mini_shop, gnoll_camp_mini_shop, minmay_statues_item,
          grunt_ministairs_14, minmay_microvault, uniq_sonja
D:11:     layout_cave_pools, hiddenorc2_lemuel
D:12:     layout_loops_ring, portal_ice_cave_entry_pillars_2, serial_rivers,
          chequers_serial_rivers_micro_c, chequers_serial_rivers_small_a,
          chequers_serial_rivers_micro_b, chequers_serial_rivers_large_a
D:13:     layout_loops_cross, ximxim_vaults_locker_room, special_room
          [special_room_orc], serial_shops, shop
D:14:     layout_long_grid, good_gods_mini_temple, nicolae_ru_awakened_eye
D:15:     hangedman_depths_entry_try_elsewhere_first, layout_small_grid,
          nicolae_water_bricks, uniq_jorgrun
Temple:   compressed_dpeg_circular_temple
Lair:1:   layout_big_grid, gammafunk_ghost_wrathful_warriors,
          serial_bayou_shore_b
Lair:2:   layout_regular_city, grunt_megastairs_3
Lair:3:   layout_regular_city, mainiacjoe_swamp_entry_angry_trees,
          minmay_snake_entry_guardpost_small
Lair:4:   layout_loops_ring, dpeg_slime_entry_corner, uniq_kirke
Lair:5:   cheibrodos_lair_end_hotspot, layout_gridlike,
          chequers_serial_rivers_large_b
Swamp:1:  layout_falls_marsh, ebering_ghost_rock_garden,
          nicolae_swamp_little_swirl, nicolae_swamp_decorative_isthmus,
          uniq_donald
Swamp:2:  layout_falls_marsh, evilmike_swamp_ruin_house_1
Swamp:3:  layout_basic_swamp, evilmike_swamp_ruin_house_6, uniq_bai_suzhen
Swamp:4:  swamp_alternative, layout_basic_swamp, swamp_pool_1_2,
          nzn_swamp_dancing_lights
Snake:1:  layout_rooms, serial_shops, shop, nicolae_snake_biting_tails,
          minmay_shop_mass, grunt_megastairs_2, uniq_aizul
Snake:2:  layout_misc_corridors, drop_trap, uniq_roxanne
Snake:3:  layout_rooms, gammafunk_ghost_abyssal_escape
Snake:4:  snake_pit_salamanders_mu, layout_cave_town,
          ebering_ghost_disaster_area
Slime:1:  layout_caves, nicolae_slime_barrier
Slime:2:  layout_caves
Slime:3:  layout_caves, special_room [special_room_jelly]
Slime:4:  layout_caves
Slime:5:  slime_pit_nicolae_royal_road_to_ruin
Orc:1:    layout_diamond_mine, basic_altar, nooodl_orcs_dogs, uniq_erolcha,
          uniq_fannar
Orc:2:    st_orc_ogre_mass, layout_caves, serial_shops, shop, uniq_snorg
Elf:1:    nicolae_elf_arrival_fired_up, layout_gridlike, serial_shops,
          nicolae_shop_waterfront, nicolae_shop_temple_entry_statues_fountains,
          nicolae_shop_statue_plus, hangedman_elf_represent, grunt_megastairs_1,
          uniq_asterion, uniq_norris
Elf:2:    nicolae_elf_blades_splatter_lattice
          [nicolae_blade_entry_sentries_behind_glass], layout_geoelf_octagon
Elf:3:    elf_hall_gauntlet_wide, layout_gridlike, minivault_23
Vaults:1: gammafunk_ghost_crypt, vaults_room_pools, grunt_vaults_bifocal,
          nicolae_vaults_storage_room_doors, nicolae_vaults_network_periphery,
          nicolae_vaults_little_guard_posts, ontoclasm_vaults_loading_screen,
          nicolae_vaults_spaceships, nicolae_vaults_trapezoid_lopsided_4,
          ontoclasm_vaults_pinch, nicolae_vaults_door_testing_chamber,
          nicolae_vaults_what_the_h, layout_vaults_omnibox
Vaults:2: vaults_room_corners, nicolae_vaults_heist, vaults_dpeg_encased_lava,
          nicolae_vaults_cochlea, v_alt_pattern_6, nicolae_vaults_double_plus_2,
          v_misc_4, v_misc_18, nicolae_vaults_shelves_hall, v_alt_pattern_6,
          layout_vaults_omnigrid
Vaults:3: v_misc_16, hangedman_vaults_corner, minmay_crypt_entry_vampire_xt,
          vaults_mumra_minichess_inversion, v_alt_pattern_1,
          hangedman_vaults_variations, nicolae_vaults_weapon_check,
          vaults_dpeg_cross, nicolae_vaults_trapezoid_3,
          nicolae_vaults_taking_the_gang_shopping, vaults_mumra_hexcomb,
          layout_vaults_big_room
Vaults:4: nicolae_vaults_closet_pinwheel_6, hangedman_vaults_nails,
          vaults_mumra_minichess, v_misc_26, nicolae_vaults_little_squares_1,
          nicolae_vaults_doubleplus_tesselated, ontoclasm_vaults_twist,
          grunt_vaults_trifunnel, nicolae_vaults_shock_wave, v_alt_pattern_1,
          v_misc_17, nicolae_vaults_tetromino_L_1, layout_vaults_maze_snakey,
          serial_shops, nicolae_shop_tiny_real_fake_doors
Vaults:5: serial_shops, uniq_boris
Crypt:1:  layout_chaotic_city, nicolae_danse_macabre, lemuel_upstairs_altar,
          grunt_crypt_arrival_guarded_gate
Crypt:2:  layout_gridlike, gammafunk_ghost_split, grunt_megastairs_4
Crypt:3:  due_elkab, layout_chaotic_city, uniq_josephina
Tomb:1
Tomb:2
Tomb:3
Depths:1: layout_basic, hangedman_geh_valley, minmay_hedge_maze, serial_curves,
          eino_curves_01, eino_curves_03, ebering_ghost_disaster_area,
          bloody_trog
Depths:2: grated_community_mu [grated_community_mu_vampire_home,
          grated_community_mu_giant_home, grated_community_mu_spellcaster_home,
          grated_community_mu_orcish_home, grated_community_mu_troll_home,
          grated_community_mu_taur_home, grated_community_mu_unbuilt_plot],
          layout_gridville, grunt_mini_vestibule, abyss_entry, serial_shops,
          nicolae_shop_pleasant_corner_grove, minmay_holes, pan_entry,
          elyvilon_altar_5, infiniplex_staircase_diamond
Depths:3: hangedman_crystal_crosses_colossus [crystal_crosses_arms_four,
          crystal_crosses_arms_two, crystal_crosses_arms_one], hell_entry,
          abyss_entry, pan_entry, serial_shops, uniq_frederick
Depths:4: grunt_twist_and_shout, layout_gridlike, hell_entry
Hell
Dis:1:    layout_subdivisions
Dis:2:    layout_gridville
Dis:3:    layout_jigsaw
Dis:4:    layout_regular_city
Dis:5:    layout_subdivisions
Dis:6:    layout_regular_city
Dis:7:    dis_st
Geh:1:    layout_gehenna_pools_box
Geh:2:    nicolae_geh_split_lavaduct, layout_gehenna_pools_triple
Geh:3:    layout_gehenna_pools_box
Geh:4:    layout_gehenna_pools_box
Geh:5:    layout_gehenna_pools_box
Geh:6:    layout_gehenna_pools_box
Geh:7:    geh_hangedman
Coc:1:    layout_ice_bergs
Coc:2:    layout_cocytus_delve
Coc:3:    layout_cocytus_water_paths
Coc:4:    nicolae_coc_through_the_icewall, layout_cocytus_water_paths
Coc:5:    layout_cocytus_water_paths
Coc:6:    layout_cocytus_water_paths
Coc:7:    coc_hangedman
Tar:1:    layout_grid_maze, nicolae_tar_cuneiform_bird,
          nicolae_tar_cuneiform_to_be, nicolae_tar_cuneiform_city
Tar:2:    nicolae_tar_honey_stairs, layout_cathedral_of_symmetry
Tar:3:    layout_grid_maze, nicolae_tar_spectre_spectrum
Tar:4:    nicolae_tar_tart_auras, layout_cathedral_of_symmetry
Tar:5:    layout_honeycomb, nicolae_tar_stay_or_leave
Tar:6:    layout_cathedral_of_symmetry, nicolae_hells_fiendish_ambush
Tar:7:    tar_minmay_river
Zot:1:    layout_gridlike
Zot:2:    layout_gridlike, regret_index_zotdec_ex
Zot:3:    lemuel_acid_trip, layout_onion, regret_index_zotdec_stipple_waver,
          uniq_tiamat, uniq_grunn
Zot:4:    layout_basic, hangedman_zot_decor_unnerving_road
Zot:5:    layout_gridlike, regret_index_zotdec_carving_tricks

Skill      XL: |  1  2  3  4  5  6  7  8  9 10 11 12 13 14 15 16 17 18 19 20 21 22 23 24 25 26 27 |
---------------+----------------------------------------------------------------------------------+-----
Axes           | 3 4 5 6 7 9 11 13 15 16 17 24 | 24.3
Fighting       | 4 5 7 8 9 10 12 14 15 17 18 19 20 22 26 | 26.9
Armour         | 4 5 6 7 8 10 11 13 14 15 16 17 18 19 24 | 24.0
Shields        | 4 5 6 7 8 9 11 13 14 15 16 17 18 19 24 | 24.0
Polearms       | 4 7 8 17 | 17.1
Evocations     | 6 10 23 | 23.2
Dodging        | 3 6 8 22 | 22.4
Shapeshifting  | 2 8 13 16 19 21 23 | 23.0
Translocations | 4 12 | 12.0
Spellcasting   | 4 8 |  8.0
Air Magic      | 12 | 12.0
Invocations    | 27 | 27.0
Throwing       | 18 | 18.5
Maces & Flails | 23 | 23.1

Action                     |  1- 3 |  4- 6 |  7- 9 | 10-12 | 13-15 | 16-18 | 19-21 | 22-24 | 25-27 || total
---------------------------+-------+-------+-------+-------+-------+-------+-------+-------+-------++-------
  Melee: War axe           |   101 |   138 |   274 |   285 |       |       |       |       |       ||   798
         Broad axe         |       |       |       |   341 |   535 |     8 |   578 |   921 |  8271 || 10654
         Lance             |       |       |       |       |   932 |  2198 |   827 |   442 |       ||  4399
         Unarmed           |       |       |       |       |     6 |       |    31 |       |       ||    37
         Eveningstar       |       |       |       |       |       |       |       |       |   220 ||   220
  Throw: Javelin           |       |       |       |    12 |       |       |       |       |       ||    12
         Dart              |       |       |       |       |       |       |       |     1 |       ||     1
   Cast: Teleport Other    |       |       |       |       |       |       |       |       |    58 ||    58
         Vhi's Electric Ch |       |       |       |       |       |       |       |       |     2 ||     2
 Invoke: Potion Petition   |       |       |       |       |       |     4 |     2 |       |    17 ||    23
Ability: Siphon Essence    |       |       |       |       |       |       |       |       |     3 ||     3
  Evoke: Wand              |       |       |     4 |     7 |    10 |     6 |     5 |     5 |     7 ||    44
         Phantom mirror    |       |       |       |       |       |     2 |       |       |     1 ||     3
         Lightning rod     |       |       |       |       |       |       |     3 |       |       ||     3
         Horn of Geryon    |       |       |       |       |       |       |       |       |     1 ||     1
         Sack of spiders   |       |       |       |       |       |       |       |       |     1 ||     1
    Use: Potion            |       |       |     1 |       |     1 |     2 |     5 |     1 |    24 ||    34
         Scroll            |       |       |       |    23 |     6 |    13 |    14 |     9 |    39 ||   104
   Stab: Paralysed         |       |       |     7 |     6 |       |       |       |       |       ||    13
         Distracted        |       |       |       |     5 |     8 |     8 |    16 |    15 |   100 ||   152
         Invisible         |       |       |       |       |       |     2 |       |     3 |     5 ||    10
         Confused          |       |       |       |       |       |       |     6 |       |     1 ||     7
         Petrifying        |       |       |       |       |       |       |       |       |    27 ||    27
         Petrified         |       |       |       |       |       |       |       |       |    20 ||    20
 Armour: Scale mail        |    88 |    94 |    33 |       |       |       |       |       |       ||   215
         Chain mail        |       |       |   240 |    10 |       |       |       |       |       ||   250
         Plate armour      |       |       |       |   209 |       |       |       |       |       ||   209
         Gold dragon scale |       |       |       |   108 |   809 |   770 |  1031 |   857 |  3648 ||  7223
         Skin              |       |       |       |       |     3 |       |     8 |       |       ||    11
  Dodge: Dodged            |    56 |    59 |   139 |   228 |   284 |   330 |   407 |   269 |  2648 ||  4420
  Block: Buckler           |    21 |    23 |    23 |       |       |       |       |       |       ||    67
         Tower shield      |       |       |       |   183 |  1227 |  1339 |  1442 |  1335 |  9688 || 15214
         Reflection        |       |       |       |       |       |       |       |       |   155 ||   155
   Form: Death             |       |       |       |       |       |       |       |     4 |     8 ||    12
                           |       |       |       |       |       |       |       |     3 |     8 ||    11
